Workbook

Sheet Sales_Report_Customers
A1: Sales Person | B1: Outlet | C1: Customer Number | D1: First Name | E1: Surname | F1: Company | G1: ACN | H1: Address Line 1 | I1: Address Line 2 | J1: Suburb | K1: State | L1: Post Code | M1: Phone Number | N1: Fax Number | O1: Mobile | P1: Email | Q1: Date Of Birth | R1: Receive Post | S1: Receive Sms | T1: Newsletter | U1: Del Address Line 1 | V1: Del Address Line 2 | W1: Del Suburb | X1: Del State | Y1: Del Post Code | Z1: Del Company | AA1: Del Phone Number | AB1: Website | AC1: Custom Reference | AD1: Points to Date | AE1: Avail Points | AF1: Price Group | AI1: Age Group | AJ1: Birth Day | AK1: Birth Month | AL1: Brand Awareness | AM1: Heel Height | AN1: How Did You Hear About Us | AO1: Nationality | AP1: Shoe Size
A2: =VLOOKUP(C2,SalesOrderDetailExport_20181121!A:E,5,FALSE) -> #N/A | C2: 300550 | D2: Suzie | E2: Stern | O2: 0407950435 | R2: FALSE | S2: FALSE | T2: FALSE | AD2: 0 | AE2: 0 | AM2: Low 10mm-90mm | AN2: Newspaper | AO2: Local - Caucasian/Other | AP2: 39.5
A3: =VLOOKUP(C3,SalesOrderDetailExport_20181121!A:E,5,FALSE) -> #N/A | C3: 300715 | D3: Manal | E3: Ibrahim | H3: 45 griffiths ave | J3: punchbowl | O3: 0404540540 | P3: monalibrahim03@gmail.com | R3: FALSE | S3: FALSE | T3: FALSE | AD3: 0 | AE3: 0 | AI3: 25-34 years | AK3: Mar | AM3: Med 100mm-120mm | AN3: Walk By | AO3: Local - Middle Eastern | AP3: 40.5
A4: =VLOOKUP(C4,SalesOrderDetailExport_20181121!A:E,5,FALSE) -> #N/A | C4: 300735 | D4: Connie | E4: Da Silva | H4: PO BOX 2392 | J4: carlingford | L4: 2118 | O4: 0404042364 | P4: nelcon@live.com.au | R4: FALSE | S4: FALSE | T4: FALSE | AD4: 0 | AE4: 0 | AI4: 35-44 years | AK4: Jun | AM4: Flat | AN4: Walk By | AO4: Local - Caucasian/Other | AP4: 35.5
A5: =VLOOKUP(C5,SalesOrderDetailExport_20181121!A:E,5,FALSE) -> #N/A | C5: 300895 | D5: Leslie | E5: Damoulakis | H5: 45 Crosslands Road | J5: Galston | K5: nsw | L5: 2159 | O5: 0409778710 | P5: leslie_damoulakis@hotmail.com | R5: FALSE | S5: FALSE | T5: TRUE | U5: 45 Crosslands Road | W5: Galston | X5: nsw | Y5: 2159 | AD5: 0 | AE5: 0 | AI5: 25-34 years | AK5: Nov | AL5: Walk By | AM5: High 120mm+ | AN5: Walk By | AO5: Local - Caucasian/Other | AP5: 37.5
A6: =VLOOKUP(C6,SalesOrderDetailExport_20181121!A:E,5,FALSE) -> #N/A | C6: 301228 | D6: Mary Ann | E6: Ramsden | H6: 4 Jerrawa Close | J6: Lambton | K6: nsw | L6: 2299 | O6: 0417680907 | P6: mramsden2156@gmail.com | R6: FALSE | S6: FALSE | T6: TRUE | U6: 4 Jerrawa Close | W6: Lambton | X6: nsw | Y6: 2299 | AD6: 0 | AE6: 0 | AI6: 45+ years | AL6: Newspaper/Magazine | AM6: Low 10mm-90mm | AN6: Walk By | AO6: Local - Asian | AP6: 37.5
A7: =VLOOKUP(C7,SalesOrderDetailExport_20181121!A:E,5,FALSE) -> #N/A | C7: 301346 | D7: June | E7: Fallon | O7: 0421 570 267 | R7: FALSE | S7: FALSE | T7: FALSE | AD7: 0 | AE7: 0 | AI7: 25-34 years | AK7: Mar | AM7: High 120mm+ | AN7: Internet | AO7: Local - Caucasian/Other | AP7: 35.5
A8: =VLOOKUP(C8,SalesOrderDetailExport_20181121!A:E,5,FALSE) -> #N/A | C8: 301400 | D8: Cathy | E8: Bechara | H8: PO BOX 120 | J8: OATLANDS | K8: NSW | L8: 2117 | O8: 0400806041 | P8: catherinebechara@gmail.com | R8: FALSE | S8: FALSE | T8: TRUE | AD8: 0 | AE8: 0 | AI8: 25-34 years | AM8: Med 100mm-120mm | AN8: Walk By | AO8: Local - Middle Eastern | AP8: 39
A9: =VLOOKUP(C9,SalesOrderDetailExport_20181121!A:E,5,FALSE) -> #N/A | C9: 302021 | D9: Lindita | E9: Suleman | H9: 28 William ave | J9: Melbourne | K9: VIC | L9: 3175 | O9: 0411649867 | R9: FALSE | S9: FALSE | T9: FALSE | U9: 28 William ave | W9: Melbourne | X9: VIC | Y9: 3175 | AD9: 0 | AE9: 0 | AI9: 25-34 years | AM9: Med 100mm-120mm | AN9: Friend | AO9: Local - Caucasian/Other | AP9: 38
A10: =VLOOKUP(C10,SalesOrderDetailExport_20181121!A:E,5,FALSE) -> #N/A | C10: 302027 | D10: Michael | E10: Younan | H10: 59 Robert Street | J10: Lalor | K10: VIC | L10: 3075 | O10: 0412140675 | R10: FALSE | S10: FALSE | T10: FALSE | U10: 59 Robert Street | W10: Lalor | X10: VIC | Y10: 3075 | AD10: 0 | AE10: 0
A11: =VLOOKUP(C11,SalesOrderDetailExport_20181121!A:E,5,FALSE) -> #N/A | C11: 302036 | D11: Rosemary | E11: Buda | H11: 82-88 Benaroon Road | J11: Belmore | K11: NSW | L11: 2195 | O11: 0418220822 | P11: rosemary@buda.com.au | R11: FALSE | S11: FALSE | T11: TRUE | U11: 82-88 Benaroon Road | W11: Belmore | X11: NSW | Y11: 2195 | AD11: 0 | AE11: 0 | AI11: 35-44 years | AK11: Aug | AM11: Med 100mm-120mm | AN11: Walk By | AO11: Local - Caucasian/Other | AP11: 38
A12: =VLOOKUP(C12,SalesOrderDetailExport_20181121!A:E,5,FALSE) -> #N/A | C12: 302160 | D12: Amanda | E12: Bath | H12: 2 Park Street | J12: Sydney | K12: NSW | L12: 2000 | O12: 0419017444 | P12: amanda.bath@citi.com | R12: FALSE | S12: FALSE | T12: TRUE | AD12: 0 | AE12: 0 | AK12: Feb | AL12: Walk By | AN12: Walk By
A13: =VLOOKUP(C13,SalesOrderDetailExport_20181121!A:E,5,FALSE) -> #N/A | C13: 302320 | D13: Natalie | E13: Isshak | O13: 0423002797 | P13: natalieisshak@gmail.com | R13: FALSE | S13: FALSE | T13: TRUE | AD13: 0 | AE13: 0 | AI13: 25-34 years | AM13: Med 100mm-120mm | AN13: Friend | AO13: Local - Middle Eastern | AP13: 38
A14: =VLOOKUP(C14,SalesOrderDetailExport_20181121!A:E,5,FALSE) -> #N/A | C14: 303264 | D14: Natasha | E14: Mccarthy | M14: 0421332316 | O14: 0421332316 | P14: tash2301@y7mail.com | Q14: 31435 | R14: FALSE | S14: FALSE | T14: TRUE | U14: 135 | V14: Ninth Ave | W14: Inglewood | X14: WA | Y14: 6052 | AA14: 0421332316 | AD14: 0 | AE14: 0 | AI14: 25-34 years | AJ14: 23 | AK14: Jan | AM14: Med 100mm-120mm | AN14: Walk By | AO14: Local - Caucasian/Other | AP14: 38
A15: =VLOOKUP(C15,SalesOrderDetailExport_20181121!A:E,5,FALSE) -> #N/A | C15: 303460 | D15: Sara | E15: Doueih | H15: 2 Bardwell CR | J15: Earlwood | L15: 2206 | O15: 0488887272 | R15: FALSE | S15: FALSE | T15: TRUE | U15: 40 Ravenrock Lane | W15: Canasda | Y15: B3M3AI | AD15: 0 | AE15: 0
A16: =VLOOKUP(C16,SalesOrderDetailExport_20181121!A:E,5,FALSE) -> #N/A | C16: 303609 | D16: Bindi | E16: Petrevski | H16: 10 Ridley street | J16: Turner | K16: ACT | L16: 2612 | O16: 0423823355 | P16: bindieyes@hotmail.com | R16: FALSE | S16: FALSE | T16: TRUE | AD16: 0 | AE16: 0 | AI16: 45+ years | AJ16: 13 | AK16: May | AM16: Low 10mm-90mm | AN16: Walk By | AO16: Local - Caucasian/Other | AP16: 40
A17: =VLOOKUP(C17,SalesOrderDetailExport_20181121!A:E,5,FALSE) -> #N/A | C17: 303926 | D17: Caterina | E17: Serratore | O17: 0432 774 421 | R17: FALSE | S17: FALSE | T17: TRUE | AD17: 0 | AE17: 0 | AI17: 18-24 years | AK17: Mar | AM17: Med 100mm-120mm | AN17: Walk By | AO17: Local - Middle Eastern | AP17: 39
A18: =VLOOKUP(C18,SalesOrderDetailExport_20181121!A:E,5,FALSE) -> #N/A | C18: 304315 | D18: Lydia | E18: Barakat | O18: 0416730229 | P18: lydia.barakat@hotmail.com | R18: FALSE | S18: TRUE | T18: TRUE | AD18: 0 | AE18: 0 | AI18: 25-34 years | AM18: Med 100mm-120mm | AN18: Walk By | AO18: Local - Caucasian/Other | AP18: 39
A19: =VLOOKUP(C19,SalesOrderDetailExport_20181121!A:E,5,FALSE) -> #N/A | C19: 304920 | D19: Sharon | E19: Mackey-Albarran | H19: Unit 1101e 24-26 Point St | J19: Pyrmont | K19: NSW | L19: 2009 | O19: 0400949600 | P19: salbarran@hallchadwick.com.au | R19: FALSE | S19: FALSE | T19: TRUE | U19: Unit 1101e 24-26 Point St | W19: Pyrmont | X19: NSW | Y19: 2009 | AD19: 0 | AE19: 0 | AM19: Med 100mm-120mm | AN19: Internet | AO19: Local - Caucasian/Other | AP19: 37
A20: =VLOOKUP(C20,SalesOrderDetailExport_20181121!A:E,5,FALSE) -> #N/A | C20: 305505 | D20: Danijela | E20: Petrovic | O20: 0431725532 | P20: bubica_7@yahoo.com.au | R20: FALSE | S20: FALSE | T20: TRUE | AD20: 0 | AE20: 0 | AI20: 35-44 years | AM20: Low 10mm-90mm | AN20: Walk By | AO20: Local - Caucasian/Other | AP20: 40
A21: =VLOOKUP(C21,SalesOrderDetailExport_20181121!A:E,5,FALSE) -> #N/A | C21: 306598 | D21: Elizabeth | E21: Brimer -old | H21: Ray St | J21: Hawthron | O21: 0412463782 | R21: FALSE | S21: FALSE | T21: TRUE | U21: Ray St | W21: Hawthron | AD21: 0 | AE21: 0
A22: =VLOOKUP(C22,SalesOrderDetailExport_20181121!A:E,5,FALSE) -> #N/A | C22: 307295 | D22: Lisa | E22: Sahyoune | L22: 3058 | O22: 0432802405 | R22: FALSE | S22: FALSE | T22: TRUE | Y22: 3058 | AD22: 0 | AE22: 0
A23: =VLOOKUP(C23,SalesOrderDetailExport_20181121!A:E,5,FALSE) -> #N/A | C23: 307374 | D23: Dong Gyoon | E23: Na | H23: Unit 3 790 Elgar RD | J23: Doncaster | K23: VIC | L23: 3108 | O23: 0447631016 | R23: FALSE | S23: FALSE | T23: TRUE | U23: Unit 3 790 Elgar RD | W23: Doncaster | X23: VIC | Y23: 3108 | AD23: 0 | AE23: 0 | AI23: 18-24 years | AM23: Flat | AO23: Local - Asian | AP23: 43
A24: =VLOOKUP(C24,SalesOrderDetailExport_20181121!A:E,5,FALSE) -> #N/A | C24: 307966 | D24: Allan | E24: Hart | H24: 2 Mira Mar Street | I24: Australia | J24: Doubleview | K24: Wa | L24: 6018 | O24: 0439966552 | R24: FALSE | S24: FALSE | T24: TRUE | U24: 2 Mira Mar Street | V24: Australia | W24: Doubleview | X24: Wa | Y24: 6018 | AD24: 0 | AE24: 0
A25: =VLOOKUP(C25,SalesOrderDetailExport_20181121!A:E,5,FALSE) -> #N/A | C25: 308383 | D25: Kathy | E25: Garnaut | O25: 0417501726 | P25: garnaut2@bigpond.com | R25: FALSE | S25: FALSE | T25: TRUE | AA25: 0417501726 | AD25: 0 | AE25: 0 | AI25: 35-44 years | AM25: Med 100mm-120mm | AO25: Local - Caucasian/Other | AP25: 41
A26: =VLOOKUP(C26,SalesOrderDetailExport_20181121!A:E,5,FALSE) -> #N/A | C26: 308733 | D26: Kirilie | E26: Gauci | O26: 0417 395 188 | P26: kg@ciasia.com.au | R26: FALSE | S26: FALSE | T26: TRUE | AD26: 0 | AE26: 0
A27: =VLOOKUP(C27,SalesOrderDetailExport_20181121!A:E,5,FALSE) -> #N/A | C27: 309118 | D27: CAROL | E27: HY | O27: 0431858291 | R27: FALSE | S27: FALSE | T27: TRUE | AD27: 0 | AE27: 0
A28: =VLOOKUP(C28,SalesOrderDetailExport_20181121!A:E,5,FALSE) -> #N/A | C28: 309242 | D28: Alex Ching Swee | E28: Lim | H28: 8/31 Fulton Street | J28: St Kilda East | L28: 3183 | M28: 0431579557 | P28: alcs82@yahoo.com.au | R28: FALSE | S28: FALSE | T28: TRUE | U28: 8/31 Fulton Street | W28: St Kilda East | X28: VIC | Y28: 3183 | AA28: 0431579557 | AD28: 0 | AE28: 0 | AI28: 25-34 years | AK28: Sep | AM28: Flat | AN28: Walk By | AO28: Local - Asian | AP28: 42
A29: =VLOOKUP(C29,SalesOrderDetailExport_20181121!A:E,5,FALSE) -> #N/A | C29: 309391 | D29: Mallory | E29: Vos | H29: 19 Belfast Rd | J29: Montrose | K29: VIC | L29: 3765 | O29: 0438050124 | R29: FALSE | S29: FALSE | T29: TRUE | U29: 19 Belfast Rd | W29: Montrose | X29: VIC | Y29: 3765 | AD29: 0 | AE29: 0 | AM29: High 120mm+ | AO29: Local - Caucasian/Other | AP29: 39
A30: =VLOOKUP(C30,SalesOrderDetailExport_20181121!A:E,5,FALSE) -> #N/A | C30: 309404 | D30: Collette | E30: Burke | K30: VIC | O30: 0411043167 | P30: collette.burke@exner.com.au | R30: FALSE | S30: FALSE | T30: TRUE | X30: VIC | AD30: 0 | AE30: 0 | AI30: 45+ years | AM30: Low 10mm-90mm | AN30: Friend | AO30: Local - Caucasian/Other | AP30: 37.5
A31: =VLOOKUP(C31,SalesOrderDetailExport_20181121!A:E,5,FALSE) -> #N/A | C31: 309500 | D31: Stephany | E31: Hiew | H31: 8 Reservoir Street | J31: Little Bay | K31: NSW | L31: 2036 | O31: 0414662218 | P31: stephanyhiew@gmail.com | R31: FALSE | S31: FALSE | T31: TRUE | U31: 8 Reservoir Street | W31: Little Bay | X31: NSW | Y31: 2036 | AD31: 0 | AE31: 0 | AI31: 25-34 years | AM31: Med 100mm-120mm | AO31: Local - Asian | AP31: 37
A32: =VLOOKUP(C32,SalesOrderDetailExport_20181121!A:E,5,FALSE) -> #N/A | C32: 309854 | D32: Sara | E32: Piper | H32: 195 Dennison St | J32: Queens Park | K32: NSW | L32: 2022 | O32: 0477276333 | P32: sarapiper@gmail.com | R32: FALSE | S32: FALSE | T32: TRUE | U32: 195 Dennison St | W32: Queens Park | X32: NSW | Y32: 2022 | AD32: 0 | AE32: 0 | AI32: 25-34 years | AM32: Med 100mm-120mm | AO32: Local - Caucasian/Other | AP32: 38.5
A33: =VLOOKUP(C33,SalesOrderDetailExport_20181121!A:E,5,FALSE) -> #N/A | C33: 310024 | D33: Chriselle | E33: Patrick | O33: 0411648558 | R33: FALSE | S33: FALSE | T33: TRUE | AD33: 0 | AE33: 0
A34: =VLOOKUP(C34,SalesOrderDetailExport_20181121!A:E,5,FALSE) -> #N/A | C34: 310315 | D34: Therese | E34: Fayad | H34: 8/94 Park Road | J34: Rydalmere | K34: NSW | L34: 2116 | O34: 0404 307 981 | P34: theresefay@gmail.com | R34: FALSE | S34: FALSE | T34: TRUE | AD34: 0 | AE34: 0 | AI34: 25-34 years | AK34: Aug | AM34: Med 100mm-120mm | AN34: Walk By | AO34: Local - Middle Eastern | AP34: 38.5
A35: =VLOOKUP(C35,SalesOrderDetailExport_20181121!A:E,5,FALSE) -> #N/A | C35: 310785 | D35: Sharon | E35: Tran | H35: 5 Kimberley St | K35: NSW | L35: 2160 | O35: 0426288990 | R35: FALSE | S35: FALSE | T35: TRUE | AD35: 0 | AE35: 0 | AI35: 18-24 years | AM35: Med 100mm-120mm | AO35: Local - Asian | AP35: 37
A36: =VLOOKUP(C36,SalesOrderDetailExport_20181121!A:E,5,FALSE) -> #N/A | C36: 310876 | D36: Lucy | E36: Kassis | H36: 18 Draper Avenue | J36: Roselands | K36: NSW | L36: 2196 | O36: 0411766608 | P36: kassislucy@gmail.com | R36: FALSE | S36: FALSE | T36: TRUE | AD36: 0 | AE36: 0 | AI36: 35-44 years | AM36: High 120mm+ | AN36: Walk By | AO36: Local - Middle Eastern | AP36: 38.5
A37: =VLOOKUP(C37,SalesOrderDetailExport_20181121!A:E,5,FALSE) -> #N/A | C37: 311574 | D37: Suzie | E37: Bonanno | H37: 44 Hampshire Rd | J37: Sunshine | K37: Vic | L37: 3020 | O37: 0421287561 | P37: suziebonanno@gmail.com | R37: FALSE | S37: FALSE | T37: TRUE | U37: 44 Hampshire Rd | W37: Sunshine | X37: Vic | Y37: 3020 | AD37: 0 | AE37: 0 | AI37: 35-44 years | AK37: Aug | AM37: Med 100mm-120mm | AN37: Walk By | AO37: Local - Caucasian/Other | AP37: 35
A38: =VLOOKUP(C38,SalesOrderDetailExport_20181121!A:E,5,FALSE) -> #N/A | C38: 311620 | D38: Apiradee | E38: Traiyotee | H38: 38/303 Penshurst St | J38: North Willoughby | K38: NSW | L38: 2068 | O38: 0420305493 | P38: fminbkk1234@hotmail.com | R38: FALSE | S38: FALSE | T38: TRUE | U38: 38/303 Penshurst St | W38: North Willoughby | X38: NSW | Y38: 2068 | AD38: 0 | AE38: 0 | AI38: 25-34 years | AK38: Mar | AM38: Med 100mm-120mm | AN38: Walk By | AO38: Local - Asian | AP38: 36.5
A39: =VLOOKUP(C39,SalesOrderDetailExport_20181121!A:E,5,FALSE) -> #N/A | C39: 311867 | D39: Simone | E39: Pucci | H39: 20A Kathleen Street | J39: Prestin | K39: VIC | L39: 3072 | O39: 0434446234 | P39: simone_pucci@hotmail.com | R39: FALSE | S39: FALSE | T39: TRUE | U39: 3 Triandra Drive | W39: South Morang | X39: VIC | Y39: 3752 | AD39: 0 | AE39: 0 | AI39: 25-34 years | AK39: May | AM39: Med 100mm-120mm | AN39: Walk By | AO39: Local - Caucasian/Other | AP39: 39.5
A40: =VLOOKUP(C40,SalesOrderDetailExport_20181121!A:E,5,FALSE) -> #N/A | C40: 312175 | D40: Catie | E40: Paterson | O40: 0409545634 | P40: catie.paterson@optusnet.com.au | R40: FALSE | S40: FALSE | T40: TRUE | AD40: 0 | AE40: 0 | AI40: 35-44 years | AM40: Med 100mm-120mm | AN40: Walk By | AO40: Local - Caucasian/Other | AP40: 38
A41: =VLOOKUP(C41,SalesOrderDetailExport_20181121!A:E,5,FALSE) -> #N/A | C41: 312761 | D41: Maria | E41: Dimattia | H41: 58 Jellicoe St | J41: Hurstville Grove | K41: NSW | L41: 2220 | O41: 0407246715 | P41: maria@dimattiatransport.com.au | R41: FALSE | S41: FALSE | T41: TRUE | U41: 58 Jellicoe St | W41: Hurstville Grove | X41: NSW | Y41: 2220 | AD41: 0 | AE41: 0 | AI41: 25-34 years | AM41: Med 100mm-120mm | AN41: Walk By | AO41: Local - Middle Eastern | AP41: 37
A42: =VLOOKUP(C42,SalesOrderDetailExport_20181121!A:E,5,FALSE) -> #N/A | C42: 312879 | D42: Jenny | E42: Nguyen | O42: 0410899957 | R42: FALSE | S42: FALSE | T42: TRUE | AD42: 0 | AE42: 0 | AI42: 25-34 years | AM42: Med 100mm-120mm | AO42: Local - Asian | AP42: 36
A43: =VLOOKUP(C43,SalesOrderDetailExport_20181121!A:E,5,FALSE) -> #N/A | C43: 313151 | D43: Samantha | E43: Powell | H43: 8 Bundoora Parada | J43: Mentone | K43: VIC | L43: 3194 | O43: 0413953534 | P43: samanthapowell73@gmail.com | R43: FALSE | S43: FALSE | T43: TRUE | U43: 8 Bundoora Parada | W43: Mentone | X43: VIC | Y43: 3194 | AD43: 0 | AE43: 0 | AI43: 35-44 years | AK43: Aug | AM43: Low 10mm-90mm | AN43: Walk By | AO43: Local - Caucasian/Other | AP43: 38
A44: =VLOOKUP(C44,SalesOrderDetailExport_20181121!A:E,5,FALSE) -> #N/A | C44: 313391 | D44: Rita | E44: Bechara | O44: 0424803954 | R44: FALSE | S44: FALSE | T44: TRUE | AD44: 0 | AE44: 0
A45: =VLOOKUP(C45,SalesOrderDetailExport_20181121!A:E,5,FALSE) -> #N/A | C45: 313484 | D45: Aiping | E45: Wang | H45: 19 The Grand | J45: Maribyrnong | K45: VIC | M45: 0393725218 | O45: 0488111005 | P45: 94219976@qq.com | R45: FALSE | S45: FALSE | T45: TRUE | AD45: 0 | AE45: 0 | AI45: 45+ years | AM45: Flat | AN45: Walk By | AO45: Local - Asian | AP45: 36.5
A46: =VLOOKUP(C46,SalesOrderDetailExport_20181121!A:E,5,FALSE) -> #N/A | C46: 313610 | D46: Sue | E46: Swenser | F46: R&N Sandblasting | H46: R and N Barr Sandblasting | I46: 46 Malvern St | J46: Bayswater | K46: VIC | L46: 3153 | O46: 0414927873 | P46: sswenser@yahoo.com | R46: FALSE | S46: FALSE | T46: TRUE | AD46: 0 | AE46: 0 | AI46: 35-44 years | AM46: Med 100mm-120mm | AN46: Friend | AO46: Local - Caucasian/Other | AP46: 37
A47: =VLOOKUP(C47,SalesOrderDetailExport_20181121!A:E,5,FALSE) -> #N/A | C47: 313612 | D47: Jessie | E47: Gao | H47: 2712/87 Franklin St | J47: Melobourne | K47: vic | L47: 3000 | M47: 0449854788 | R47: FALSE | S47: FALSE | T47: TRUE | U47: 2712/87 Franklin St | W47: Melobourne | X47: vic | Y47: 3000 | AA47: 0449854788 | AD47: 0 | AE47: 0 | AI47: 18-24 years | AK47: Apr | AM47: Flat | AN47: Walk By | AO47: Local - Asian | AP47: 36
A48: =VLOOKUP(C48,SalesOrderDetailExport_20181121!A:E,5,FALSE) -> #N/A | C48: 313618 | D48: Jane | E48: Francis | H48: 21 Hughes St | J48: Yarraville | K48: VIc | L48: 3013 | O48: 0406587977 | P48: janeoliver79@gmail.com | R48: FALSE | S48: FALSE | T48: TRUE | U48: 21 Hughes St | W48: Yarraville | X48: VIc | Y48: 3013 | AD48: 0 | AE48: 0 | AI48: 25-34 years | AM48: High 120mm+ | AN48: Walk By | AO48: Local - Caucasian/Other | AP48: 38
A49: =VLOOKUP(C49,SalesOrderDetailExport_20181121!A:E,5,FALSE) -> #N/A | C49: 313777 | D49: Zhuoshen | E49: Luo | H49: unit 52 10-115 pacific hwy | J49: hornsby | K49: nsw | L49: 2077137953 | O49: 0406834380 | R49: FALSE | S49: FALSE | T49: TRUE | U49: unit 52 10-115 pacific hwy | W49: hornsby | X49: nsw | Y49: 2077137953 | AD49: 0 | AE49: 0 | AI49: 18-24 years | AM49: Flat | AN49: Walk By | AO49: Local - Asian | AP49: 41.5
A50: =VLOOKUP(C50,SalesOrderDetailExport_20181121!A:E,5,FALSE) -> #N/A | C50: 314071 | D50: Elizabeth | E50: DOGAN | H50: 40 Grand Ave | J50: Westmead | O50: 0488688544 | R50: FALSE | S50: FALSE | T50: TRUE | U50: 40 Grand Ave | W50: Westmead | AD50: 0 | AE50: 0 | AI50: 25-34 years | AM50: Med 100mm-120mm | AN50: Walk By | AO50: Local - Caucasian/Other | AP50: 37.5
A51: =VLOOKUP(C51,SalesOrderDetailExport_20181121!A:E,5,FALSE) -> #N/A | C51: 314196 | D51: Ajron | E51: Taip | H51: 88 Newmans Road | J51: Templestowe | K51: VIC | L51: 3106 | M51: 0398463625 | O51: 0407240031 | P51: ajrontaip@hotmail.com | R51: FALSE | S51: FALSE | T51: TRUE | U51: 88 Newmans Road | W51: Templestowe | X51: VIC | Y51: 3106 | AA51: 0398463625 | AD51: 0 | AE51: 0 | AI51: 18-24 years | AK51: May | AM51: Flat | AN51: Walk By | AO51: Local - Middle Eastern | AP51: 44
A52: =VLOOKUP(C52,SalesOrderDetailExport_20181121!A:E,5,FALSE) -> #N/A | C52: 314236 | D52: Mary | E52: Zurcas | H52: 505 Wyndham St | J52: Shepparton | K52: vic | L52: 3630 | M52: 58213377 | O52: 0488131111 | R52: FALSE | S52: FALSE | T52: TRUE | U52: 505 Wyndham St | W52: Shepparton | X52: vic | Y52: 3630 | AA52: 58213377 | AD52: 0 | AE52: 0 | AI52: 35-44 years | AM52: Low 10mm-90mm | AN52: Walk By | AO52: Local - Caucasian/Other | AP52: 39
A53: =VLOOKUP(C53,SalesOrderDetailExport_20181121!A:E,5,FALSE) -> #N/A | C53: 314295 | D53: Kathy | E53: Anevski | H53: 19B Gungah Bay Road | J53: Oatley | K53: NSW | L53: 2223 | O53: 0410500522 | P53: kanevski@bigpond.com | R53: FALSE | S53: FALSE | T53: TRUE | U53: 19B Gungah Bay Road | W53: Oatley | X53: NSW | Y53: 2223 | AD53: 0 | AE53: 0 | AI53: 35-44 years | AM53: High 120mm+ | AO53: Local - Caucasian/Other | AP53: 35
A54: =VLOOKUP(C54,SalesOrderDetailExport_20181121!A:E,5,FALSE) -> #N/A | C54: 314554 | D54: Chongming | E54: Li | H54: unit 3 no 6 | I54: Smith st | J54: Burwood east | K54: VIC | L54: 3151 | O54: 0434392984 | R54: FALSE | S54: FALSE | T54: TRUE | U54: unit 3 no 6 | V54: Smith st | W54: Burwood east | X54: VIC | Y54: 3151 | AD54: 0 | AE54: 0 | AI54: 35-44 years | AM54: Med 100mm-120mm | AO54: Local - Asian | AP54: 37
A55: =VLOOKUP(C55,SalesOrderDetailExport_20181121!A:E,5,FALSE) -> #N/A | C55: 314723 | D55: Stella | E55: Tsintominas | H55: 67 Pasadena st | K55: NSW | L55: 2217 | M55: 02 95932012 | O55: 0421011738 | R55: FALSE | S55: FALSE | T55: TRUE | AD55: 0 | AE55: 0 | AI55: 45+ years | AK55: Jul | AM55: Med 100mm-120mm | AO55: Local - Middle Eastern | AP55: 41
A56: =VLOOKUP(C56,SalesOrderDetailExport_20181121!A:E,5,FALSE) -> #N/A | C56: 314830 | D56: Effie | E56: Charlaftis | H56: 40 Adelaide St | J56: Armadale | K56: VIC | L56: 3143 | O56: 0413608528 | R56: FALSE | S56: FALSE | T56: TRUE | U56: 21 Monash Ave | W56: Balwyn | X56: VIC | Y56: 3103 | AD56: 0 | AE56: 0 | AI56: 18-24 years | AM56: High 120mm+ | AO56: Local - Caucasian/Other | AP56: 39
A57: =VLOOKUP(C57,SalesOrderDetailExport_20181121!A:E,5,FALSE) -> #N/A | C57: 315193 | D57: Taryn | E57: Thomas | H57: 80 Suffolk Avenue | J57: Collaroy | K57: NSW | L57: 2097 | O57: 0414497424 | R57: FALSE | S57: FALSE | T57: TRUE | AD57: 0 | AE57: 0 | AI57: 18-24 years | AK57: Mar | AM57: Low 10mm-90mm | AN57: Internet | AO57: Local - Caucasian/Other | AP57: 41
A58: =VLOOKUP(C58,SalesOrderDetailExport_20181121!A:E,5,FALSE) -> #N/A | C58: 316144 | D58: Natalia | E58: Yohana | H58: 24 Mortimer Close | J58: Cecil hills | K58: NSW | L58: 2171 | O58: 0467636199 | R58: FALSE | S58: FALSE | T58: TRUE | U58: 60 b Lancaster Av | W58: Cecil hills | X58: NSW | Y58: 2171 | AD58: 0 | AE58: 0 | AI58: 18-24 years | AK58: Sep | AM58: High 120mm+ | AN58: Walk By | AO58: Local - Middle Eastern | AP58: 36
A59: =VLOOKUP(C59,SalesOrderDetailExport_20181121!A:E,5,FALSE) -> #N/A | C59: 316153 | D59: Michael | E59: Barker | K59: VIC | L59: 3000 | O59: 0448233008 | R59: FALSE | S59: FALSE | T59: TRUE | AD59: 0 | AE59: 0 | AI59: 35-44 years | AM59: Med 100mm-120mm | AN59: Walk By | AO59: Local - Caucasian/Other | AP59: 39
A60: =VLOOKUP(C60,SalesOrderDetailExport_20181121!A:E,5,FALSE) -> #N/A | C60: 316262 | D60: Xie | E60: Shi | O60: 0412411855 | P60: sx9368@hotmail.com | R60: FALSE | S60: FALSE | T60: TRUE | AD60: 0 | AE60: 0 | AI60: 25-34 years | AM60: Low 10mm-90mm | AO60: Local - Asian | AP60: 36.5
A61: =VLOOKUP(C61,SalesOrderDetailExport_20181121!A:E,5,FALSE) -> #N/A | C61: 316291 | D61: Mu | E61: Li | H61: 14 Marine Parade | J61: Watsons Bay | K61: NSW | L61: 2030 | O61: 0422819155 | P61: 395430198shh@gmail.com | R61: FALSE | S61: FALSE | T61: TRUE | U61: 14 Marine Parade | W61: Watsons Bay | X61: NSW | Y61: 2030 | AD61: 0 | AE61: 0 | AI61: 18-24 years | AM61: Flat | AO61: Local - Asian | AP61: 36
A62: =VLOOKUP(C62,SalesOrderDetailExport_20181121!A:E,5,FALSE) -> #N/A | C62: 316405 | D62: Edward | E62: Hayson | O62: 0466766666 | P62: ekphayson@outlook.com | R62: FALSE | S62: FALSE | T62: TRUE | AD62: 0 | AE62: 0 | AF62: V.I.P | AI62: 45+ years | AM62: Flat | AN62: Walk By | AO62: Local - Caucasian/Other | AP62: 43
A63: =VLOOKUP(C63,SalesOrderDetailExport_20181121!A:E,5,FALSE) -> #N/A | C63: 316529 | D63: Vanesa | E63: Bosevski | H63: 8B Domenico Close | J63: Hoxton West | K63: NSW | L63: 2171 | R63: FALSE | S63: FALSE | T63: TRUE | U63: 8B Domenico Close | W63: Hoxton West | X63: NSW | Y63: 2171 | AD63: 0 | AE63: 0 | AI63: 18-24 years | AM63: Flat | AN63: Walk By | AO63: Local - Caucasian/Other | AP63: 40
A64: =VLOOKUP(C64,SalesOrderDetailExport_20181121!A:E,5,FALSE) -> #N/A | C64: 316794 | D64: Gina | E64: Popowicz | O64: 0418594442 | P64: ginap@primere.com.au | R64: FALSE | S64: FALSE | T64: TRUE | AD64: 0 | AE64: 0 | AI64: 25-34 years | AM64: Med 100mm-120mm | AN64: Walk By | AO64: Local - Caucasian/Other | AP64: 38
A65: =VLOOKUP(C65,SalesOrderDetailExport_20181121!A:E,5,FALSE) -> #N/A | C65: 317047 | D65: Zora | E65: Sleiman | H65: 37 Greenacre Road | J65: Greenacre | K65: NSW | L65: 2190 | O65: 0401404444 | P65: zok1981@hotmail.com | R65: FALSE | S65: FALSE | T65: TRUE | U65: 144 wentworth street | W65: Port Kembla | X65: NSW | Y65: 2505 | AD65: 0 | AE65: 0 | AM65: Med 100mm-120mm | AN65: Walk By | AP65: 37.5
A66: =VLOOKUP(C66,SalesOrderDetailExport_20181121!A:E,5,FALSE) -> #N/A | C66: 317133 | D66: Max | E66: Girgin | F66: Promax Building Development | H66: Suite G13, 566 St Kilda Road | J66: Melbourne | K66: VIC | L66: 3064 | O66: 0413696439 | P66: max@promax.net.au | R66: FALSE | S66: FALSE | T66: TRUE | U66: Suite G13, 566 St Kilda Road | W66: Melbourne | X66: VIC | Y66: 3000 | Z66: Promax Building Development | AD66: 0 | AE66: 0 | AI66: 35-44 years | AM66: Flat | AN66: Friend | AO66: Local - Caucasian/Other | AP66: 41
A67: =VLOOKUP(C67,SalesOrderDetailExport_20181121!A:E,5,FALSE) -> #N/A | C67: 317321 | D67: Maria | E67: Stewart | H67: 51 Gurnung Drive | J67: Cairnlea | K67: VIc | L67: 3023 | O67: 0423200086 | R67: FALSE | S67: FALSE | T67: TRUE | U67: 51 Gurnung Drive | W67: Cairnlea | X67: VIc | Y67: 3023 | AD67: 0 | AE67: 0 | AI67: 35-44 years | AK67: Jan | AM67: Med 100mm-120mm | AN67: Internet | AO67: Local - Caucasian/Other | AP67: 37.5
A68: =VLOOKUP(C68,SalesOrderDetailExport_20181121!A:E,5,FALSE) -> #N/A | C68: 317396 | D68: Maryem | E68: Toma | H68: 7 Denbern Street | J68: Bossley Park | K68: NSW | L68: 2176 | O68: 0426262270 | P68: maryem.toma@hotmail.com | R68: FALSE | S68: FALSE | T68: TRUE | U68: 7 Denbern Street | W68: Bossley Park | X68: NSW | Y68: 2176 | AD68: 0 | AE68: 0 | AI68: 18-24 years | AM68: Med 100mm-120mm | AO68: Local - Middle Eastern | AP68: 36.5
A69: =VLOOKUP(C69,SalesOrderDetailExport_20181121!A:E,5,FALSE) -> #N/A | C69: 317541 | D69: Aixu | E69: Chen | H69: G1910/438 Victoria Avenue | J69: Chatswood | K69: NSW | L69: 2067 | O69: 0421119657 | P69: jojochen212@gmail.com | R69: FALSE | S69: FALSE | T69: TRUE | U69: 829/20 Gadigal Avenue | X69: NSW | Y69: 2017 | AD69: 0 | AE69: 0 | AI69: 18-24 years | AM69: Med 100mm-120mm | AO69: Local - Asian | AP69: 37
A70: =VLOOKUP(C70,SalesOrderDetailExport_20181121!A:E,5,FALSE) -> #N/A | C70: 317723 | D70: Elise | E70: Preo | H70: 71 eagle St | J70: Riparian Plaza | K70: QLD | L70: 4000 | O70: 0450 423 227 | R70: FALSE | S70: FALSE | T70: TRUE | U70: 71 eagle St | W70: Riparian Plaza | X70: QLD | Y70: 4000 | AD70: 0 | AE70: 0
A71: =VLOOKUP(C71,SalesOrderDetailExport_20181121!A:E,5,FALSE) -> #N/A | C71: 317829 | D71: Parina | E71: Khieu | H71: 12 Carlos St | J71: Hillcrest | K71: QLD | L71: 4118 | M71: 0433837424 | O71: 0433837424 | P71: parina.khieu@gmail.com | Q71: 33307 | R71: FALSE | S71: FALSE | T71: TRUE | AD71: 0 | AE71: 0 | AI71: 25-34 years | AJ71: 10 | AK71: Mar | AM71: Med 100mm-120mm | AN71: Walk By | AO71: Local - Asian | AP71: 39.5
A72: =VLOOKUP(C72,SalesOrderDetailExport_20181121!A:E,5,FALSE) -> #N/A | C72: 317846 | D72: Maria | E72: Morabito | O72: 0414335266 | R72: FALSE | S72: FALSE | T72: TRUE | AD72: 0 | AE72: 0 | AI72: 25-34 years | AM72: Low 10mm-90mm | AN72: Walk By | AO72: Local - Caucasian/Other | AP72: 37.5
A73: =VLOOKUP(C73,SalesOrderDetailExport_20181121!A:E,5,FALSE) -> #N/A | C73: 317889 | D73: Kiera | E73: Emerzidis | H73: 64 Central Ave | J73: Chipping Norton | K73: NSW | L73: 2120 | O73: 0418854786 | P73: kieraemerzidis@gmail.com | R73: FALSE | S73: FALSE | T73: TRUE | U73: 64 Central Ave | W73: Chipping Norton | X73: NSW | Y73: 2120 | AD73: 0 | AE73: 0 | AI73: 18-24 years | AK73: Jul | AM73: Med 100mm-120mm | AN73: Walk By | AO73: Local - Caucasian/Other | AP73: 35.5
A74: =VLOOKUP(C74,SalesOrderDetailExport_20181121!A:E,5,FALSE) -> #N/A | C74: 318231 | D74: Johanna | E74: Louca | O74: 0401803804 | R74: FALSE | S74: FALSE | T74: TRUE | AD74: 0 | AE74: 0
A75: =VLOOKUP(C75,SalesOrderDetailExport_20181121!A:E,5,FALSE) -> #N/A | C75: 318455 | D75: Nicole | E75: Cooper | H75: 1 Devorgilla Avenue | J75: Toorak | K75: VIC | L75: 3142 | O75: 0412996996 | P75: ndevitt@hotmail.com | R75: FALSE | S75: FALSE | T75: TRUE | U75: 1 Devorgilla ave | W75: Toorak | X75: VIC | Y75: 3142 | AD75: 0 | AE75: 0 | AI75: 35-44 years | AM75: Med 100mm-120mm | AO75: Local - Caucasian/Other | AP75: 38
A76: =VLOOKUP(C76,SalesOrderDetailExport_20181121!A:E,5,FALSE) -> #N/A | C76: 318926 | D76: Bin | E76: Yang | H76: 327/4 Wagener Place | I76: Mr Albert | J76: Auckland | L76: 1025 | O76: 0404588889 | R76: FALSE | S76: FALSE | T76: TRUE | U76: 327/4 Wagener Place | V76: Mr Albert | W76: Auckland | Y76: 1025 | AD76: 0 | AE76: 0 | AI76: 25-34 years | AM76: Flat | AN76: Friend | AO76: Local - Asian | AP76: 41
A77: =VLOOKUP(C77,SalesOrderDetailExport_20181121!A:E,5,FALSE) -> #N/A | C77: 319314 | D77: Sarah | E77: Falkson | H77: 22 Bowling Drive | J77: southport | K77: QLD | L77: 4215 | O77: 0434 382 893 | P77: self22@live.co.uk | R77: FALSE | S77: FALSE | T77: TRUE | AD77: 0 | AE77: 0 | AI77: 25-34 years | AK77: May | AM77: Med 100mm-120mm | AN77: Walk By | AO77: Local - Caucasian/Other | AP77: 38.5
A78: =VLOOKUP(C78,SalesOrderDetailExport_20181121!A:E,5,FALSE) -> #N/A | C78: 319354 | D78: Luting | E78: Ding | O78: 0403711791 | R78: FALSE | S78: FALSE | T78: TRUE | AD78: 0 | AE78: 0
A79: =VLOOKUP(C79,SalesOrderDetailExport_20181121!A:E,5,FALSE) -> #N/A | C79: 319705 | D79: Amy | E79: Carroll | H79: Level 40 philip tower | J79: Farrer Place Sydney | K79: NSW | L79: 2000 | O79: 0421322391 | P79: amyecarroll@gmail.com | R79: FALSE | S79: FALSE | T79: TRUE | U79: Level 40 philip tower | W79: Farrer Place Sydney | X79: NSW | Y79: 2000 | AD79: 0 | AE79: 0 | AI79: 25-34 years | AM79: Med 100mm-120mm | AO79: Local - Caucasian/Other | AP79: 37
A80: =VLOOKUP(C80,SalesOrderDetailExport_20181121!A:E,5,FALSE) -> #N/A | C80: 320132 | D80: WINNIE | E80: MIAO | O80: 0433231993 | R80: FALSE | S80: FALSE | T80: TRUE | AD80: 0 | AE80: 0
A81: =VLOOKUP(C81,SalesOrderDetailExport_20181121!A:E,5,FALSE) -> #N/A | C81: 320146 | D81: Ozan | E81: Girgin | H81: 216/55 Cumberland Drive | J81: Maribrynong | K81: VIC | L81: 3032 | O81: 0402562644 | R81: FALSE | S81: FALSE | T81: TRUE | U81: 216/55 Cumberland Drive | W81: Maribrynong | X81: VIC | Y81: 3032 | AD81: 0 | AE81: 0 | AI81: 25-34 years | AM81: Flat | AO81: Local - Caucasian/Other | AP81: 40
A82: =VLOOKUP(C82,SalesOrderDetailExport_20181121!A:E,5,FALSE) -> #N/A | C82: 320388 | D82: Lucy | E82: Aldred | H82: 1508/50 Lorimer street | J82: Dockland | K82: VIC | L82: 3008 | O82: 0439882263 | R82: FALSE | S82: FALSE | T82: TRUE | U82: 1508/50 Lirner st | W82: Dockland | X82: VIC | Y82: 3008 | AD82: 0 | AE82: 0 | AI82: 18-24 years | AM82: Med 100mm-120mm | AO82: Local - Caucasian/Other | AP82: 38.5
A83: =VLOOKUP(C83,SalesOrderDetailExport_20181121!A:E,5,FALSE) -> #N/A | C83: 320421 | D83: Natasha | E83: Tuano | H83: 32 Lansdowne Road | J83: Cairnlea | K83: VIC | L83: 3023 | O83: 0433548298 | P83: natasha.tuano@gmail.com | R83: FALSE | S83: FALSE | T83: TRUE | U83: 32 Lansdowne Rd | X83: VIC | Y83: 3023 | AD83: 0 | AE83: 0 | AI83: 25-34 years | AM83: Med 100mm-120mm | AN83: Internet | AO83: Local - Caucasian/Other | AP83: 38.5
A84: =VLOOKUP(C84,SalesOrderDetailExport_20181121!A:E,5,FALSE) -> #N/A | C84: 320428 | D84: Mary | E84: Ghobrial | H84: 71A Lancaster St | J84: Bentlegh east | K84: VIC | L84: 3165 | O84: 0419873229 | P84: maryandsherif@gmail.com | R84: FALSE | S84: FALSE | T84: TRUE | U84: 10 Boronia Street | W84: Bentlegh east | X84: VI | Y84: 3165 | AD84: 0 | AE84: 0
A85: =VLOOKUP(C85,SalesOrderDetailExport_20181121!A:E,5,FALSE) -> #N/A | C85: 320574 | D85: Brandy | E85: Zhang | O85: 0433466807 | P85: brandy_pinkie@outlook.com | R85: FALSE | S85: FALSE | T85: TRUE | AD85: 0 | AE85: 0 | AI85: 18-24 years | AK85: Apr | AM85: Flat | AN85: Walk By | AO85: Local - Asian | AP85: 36
A86: =VLOOKUP(C86,SalesOrderDetailExport_20181121!A:E,5,FALSE) -> #N/A | C86: 320636 | D86: Christine | E86: Kolyvas | H86: 2/75 Millicent Ave | J86: Bullen | K86: Victoria | L86: 3105 | M86: 98508593 | O86: 0421633776 | P86: christine_12k@hotmail.com | R86: FALSE | S86: FALSE | T86: TRUE | U86: 2/75 Millicent Ave | W86: Bullen | X86: Victoria | Y86: 3105 | AA86: 98508593 | AD86: 0 | AE86: 0 | AI86: 18-24 years | AK86: Jul | AN86: Walk By | AP86: 38
A87: =VLOOKUP(C87,SalesOrderDetailExport_20181121!A:E,5,FALSE) -> #N/A | C87: 320775 | D87: Jo-Anne Marie | E87: C Vidal | O87: 0430211582 | P87: jamchuavidal@yahoo.com | R87: FALSE | S87: FALSE | T87: TRUE | AD87: 0 | AE87: 0 | AI87: 25-34 years | AK87: Dec | AM87: Med 100mm-120mm | AN87: Walk By | AO87: Local - Asian | AP87: 38
A88: =VLOOKUP(C88,SalesOrderDetailExport_20181121!A:E,5,FALSE) -> #N/A | C88: 320779 | D88: Karen | E88: Parsons | H88: po box 324 | K88: qld | L88: 4217 | O88: 0408871572 | P88: karenparsons@bigpond.com | R88: FALSE | S88: FALSE | T88: TRUE | U88: po box 324 | X88: qld | Y88: 4217 | AD88: 0 | AE88: 0 | AI88: 35-44 years | AK88: Oct | AM88: Med 100mm-120mm | AN88: Friend | AO88: Local - Caucasian/Other | AP88: 40
A89: =VLOOKUP(C89,SalesOrderDetailExport_20181121!A:E,5,FALSE) -> #N/A | C89: 320901 | D89: Amy | E89: Sullivan | H89: 801/185 MacquarinSt | J89: Syendy | K89: NSW | L89: 2000 | O89: 0488033639 | P89: amyhodge1114@gmail.com | R89: FALSE | S89: FALSE | T89: TRUE | U89: 801/185 MacquarinSt | W89: Syendy | X89: NSW | Y89: 2000 | AD89: 0 | AE89: 0 | AI89: 25-34 years | AK89: Feb | AM89: Med 100mm-120mm | AN89: Walk By | AO89: Local - Caucasian/Other | AP89: 39.5
A90: =VLOOKUP(C90,SalesOrderDetailExport_20181121!A:E,5,FALSE) -> #N/A | C90: 320959 | D90: Natalie | E90: Masters | H90: 299 New st | J90: Brighton | K90: VIC | L90: 3186 | O90: 0432348213 | P90: mademoisellemasters@gmail.com | Q90: 33618 | R90: FALSE | S90: FALSE | T90: TRUE | U90: 7 gibbens street | W90: camperdown | X90: nsw | AD90: 0 | AE90: 0 | AI90: 18-24 years | AK90: Jul | AM90: Med 100mm-120mm | AN90: Walk By | AO90: Local - Caucasian/Other | AP90: 36
A91: =VLOOKUP(C91,SalesOrderDetailExport_20181121!A:E,5,FALSE) -> #N/A | C91: 320996 | D91: Mohamad | E91: Ykmour | H91: 59 jacaranda cres | J91: Casula | K91: NSW | O91: 0406253941 | P91: admin@laplaka.com.au | R91: FALSE | S91: FALSE | T91: TRUE | U91: 59 jacaranda | AD91: 0 | AE91: 0 | AI91: 25-34 years | AK91: Jan | AM91: Low 10mm-90mm | AO91: Local - Caucasian/Other | AP91: 37
A92: =VLOOKUP(C92,SalesOrderDetailExport_20181121!A:E,5,FALSE) -> #N/A | C92: 321222 | D92: John | E92: Mastroianni | H92: 87a Elimatta Rd | J92: Mona Vale | K92: NSW | L92: 2103 | O92: 0404872111 | P92: cside@tpg.com.au | Q92: 24317 | R92: FALSE | S92: FALSE | T92: TRUE | U92: 87a Elimatta Rd | W92: Mona Vale | X92: NSW | Y92: 2103 | AD92: 0 | AE92: 0 | AI92: 35-44 years | AJ92: 29 | AK92: Jul | AM92: Med 100mm-120mm | AN92: Walk By | AO92: Local - Caucasian/Other | AP92: 38.5
A93: =VLOOKUP(C93,SalesOrderDetailExport_20181121!A:E,5,FALSE) -> #N/A | C93: 321546 | D93: May | E93: Kung | H93: po box 37290 | J93: parnell | L93: 1151 | O93: 0407033443 | P93: maykung@perceptions.co.nz | R93: FALSE | S93: FALSE | T93: TRUE | U93: po box 37290 | W93: parnell | Y93: 1151 | AD93: 0 | AE93: 0 | AI93: 45+ years | AM93: Med 100mm-120mm | AN93: Walk By | AO93: Local - Asian | AP93: 39
A94: =VLOOKUP(C94,SalesOrderDetailExport_20181121!A:E,5,FALSE) -> #N/A | C94: 321974 | D94: Cassandra | E94: Alikakos | J94: Glen Iris | K94: Victoria | L94: 3146 | O94: 0432168294 | P94: cwhitea@live.com.au | R94: FALSE | S94: FALSE | T94: TRUE | AD94: 0 | AE94: 0 | AI94: 18-24 years | AN94: Walk By | AO94: Local - Caucasian/Other | AP94: 37.5
A95: =VLOOKUP(C95,SalesOrderDetailExport_20181121!A:E,5,FALSE) -> #N/A | C95: 322139 | D95: Madanic | E95: Pho | H95: 10 Digby Court | J95: Springvale | K95: VIC | L95: 3171 | P95: madanic_p@hotmail.com | R95: FALSE | S95: FALSE | T95: TRUE | U95: 10 Digby Court | W95: Springvale | X95: VIC | Y95: 3171 | AD95: 0 | AE95: 0
A96: =VLOOKUP(C96,SalesOrderDetailExport_20181121!A:E,5,FALSE) -> #N/A | C96: 322176 | D96: Natalie-Renee | E96: Diab | H96: 29 Abigail Street | J96: Seven Hills | K96: NSW | L96: 2147 | O96: 0405223030 | P96: natalierenee12@hotmail.com | R96: FALSE | S96: FALSE | T96: TRUE | Y96: 2147 | AD96: 0 | AE96: 0 | AI96: 25-34 years | AJ96: 18 | AK96: Jul | AM96: Med 100mm-120mm | AN96: Walk By | AO96: Local - Middle Eastern | AP96: 36
A97: =VLOOKUP(C97,SalesOrderDetailExport_20181121!A:E,5,FALSE) -> #N/A | C97: 322232 | D97: Faye | E97: Saab | H97: 57 SELLWOOD street Brighton-le-sands | L97: 2206 | O97: 0424311601 | P97: fay_younes@hotmail.com | R97: FALSE | S97: FALSE | T97: TRUE | U97: 57 SELLWOOD street Brighton-le-sands | Y97: 2206 | AD97: 0 | AE97: 0
A98: =VLOOKUP(C98,SalesOrderDetailExport_20181121!A:E,5,FALSE) -> #N/A | C98: 322251 | D98: Jocelyne | E98: Moussa | O98: 0452227355 | P98: joslyn.moussa@y7mail.com | R98: FALSE | S98: FALSE | T98: TRUE | AD98: 0 | AE98: 0 | AI98: 25-34 years | AM98: Med 100mm-120mm | AO98: Local - Middle Eastern | AP98: 40
A99: =VLOOKUP(C99,SalesOrderDetailExport_20181121!A:E,5,FALSE) -> #N/A | C99: 322287 | D99: Betty | E99: Saba | H99: 34 Chelsea St | J99: Merryland | K99: NSW | L99: 2160 | O99: 0450258334 | R99: FALSE | S99: FALSE | T99: TRUE | U99: 34 Chelsea St | W99: Merryland | X99: NSW | Y99: 2160 | AD99: 0 | AE99: 0 | AI99: 25-34 years | AM99: Med 100mm-120mm | AN99: Walk By | AO99: Local - Caucasian/Other | AP99: 36
A100: =VLOOKUP(C100,SalesOrderDetailExport_20181121!A:E,5,FALSE) -> #N/A | C100: 322465 | D100: Sarah | E100: GAO | M100: 0430177850 | O100: 0430177850 | P100: smezza123@live.com.au | R100: FALSE | S100: FALSE | T100: TRUE | U100: 15 | V100: Halstead st | W100: south hurstville | X100: nsw | Y100: 2221 | AA100: 0430177850 | AD100: 0 | AE100: 0 | AI100: 25-34 years | AM100: Med 100mm-120mm | AN100: Walk By | AO100: Local - Asian | AP100: 38.5
...

Sheet SalesOrderDetailExport_20181121
A1: Country Code | B1: Outlet | C1: OrderNumber | D1: CustomerNumber | E1: Sales Person | F1: Bill Name | G1: Bill Company | H1: Order Status | I1: Supplier | J1: Brand | K1: Size | L1: Colour | M1: Season | N1: SKU | O1: CODE | P1: Description | Q1: Fulfill Outlet | R1: Supply Outlet | S1: Due Date | T1: Processed For ITO | U1: Quantity | V1: Fulfilled To Date | W1: Unfulfilled | X1: POS Price | Y1: Extended POS Price | Z1: Unit Price | AA1: Sale Price Ext | AB1: Discount Amount | AC1: Extended Discount Amount | AD1: Discount Price | AE1: Tax Rate Applied | AF1: Discount Start | AG1: Discount End | AH1: Buy Ex 1x | AI1: Direct Costs 1x | AJ1: COGS 1x | AK1: COGS Ext | AL1: Web Order | AM1: Delivery Mode | AN1: Product Type | AO1: custom1 | AP1: custom2 | AQ1: custom3 | AR1: Cubic Total
A2: AU | B2: CL Chadstone | C2: 18-00017209 | D2: 100001 | E2: Ella Anderson | F2: CASH SALE | H2: Processed | I2: CHRISTIAN LOUBOUTIN SA | J2: Men Shoes | K2: 44 | L2: CMA3 | M2: F18MM1 CS | N2: 3615480394074F18 | O2: 3180087 | P2: LOU SPIKES ORLATO FLAT PAT/JACQ LOUB SKY/VV/BROK G | Q2: CL Chadstone | R2: CL Chadstone | T2: TRUE | U2: 1 | V2: 1 | W2: 0 | X2: 1431.82 | Y2: 1431.82 | Z2: 1431.82 | AA2: 1431.82 | AB2: 0 | AC2: 0 | AE2: 0.1 | AH2: 530.99 | AI2: 0 | AJ2: 530.99 | AK2: 530.99 | AL2: FALSE | AN2: Sneakers | AO2: FLAT | AP2: VERSION MULTI
A3: AU | B3: CL Chadstone | C3: 18-00017209 | D3: 100001 | E3: Ella Anderson | F3: CASH SALE | H3: Processed | I3: CHRISTIAN LOUBOUTIN SA | N3: 19 | P3: Gift: Pins | Q3: CL Chadstone | R3: CL Chadstone | T3: TRUE | U3: 1 | V3: 1 | W3: 0 | X3: 0 | Y3: 0 | Z3: 0 | AA3: 0 | AB3: 0 | AC3: 0 | AE3: 0.1 | AH3: 0 | AI3: 0 | AJ3: 0 | AK3: 0 | AL3: FALSE | AN3: MISC
A4: AU | B4: CL Chadstone | C4: 18-00017452 | D4: 302021 | E4: Ella Anderson | F4: Lindita Suleman | H4: Processed | I4: CHRISTIAN LOUBOUTIN SA | J4: Men Shoes | K4: 43 | L4: BK01 | M4: F18MM2 SEAS | N4: 3615480678839F18 | O4: 3180943 | P4: REGALITO FLAT CALF ABRASIVATO/GG | Q4: CL Chadstone | R4: CL Chadstone | T4: TRUE | U4: 1 | V4: 1 | W4: 0 | X4: 1295.45 | Y4: 1295.45 | Z4: 1295.45 | AA4: 1295.45 | AB4: 0 | AC4: 0 | AE4: 0.1 | AH4: 480.35 | AI4: 0 | AJ4: 480.35 | AK4: 480.35 | AL4: FALSE | AN4: Penny Loafer | AO4: FLAT | AP4: BLACK
A5: AU | B5: CL Chadstone | C5: 18-00018824 | D5: 308733 | E5: Danielle Rais | F5: Kirilie Gauci | H5: Processed | I5: CHRISTIAN LOUBOUTIN SA | J5: Women Shoes | K5: 41 | L5: PK20 | M5: F17WM2 CORE | N5: 3607412296235F17 | O5: 3100893 | P5: LADY PEEP 150 PATENT CALF | Q5: CL Chadstone | R5: CL Chadstone | T5: TRUE | U5: 1 | V5: 1 | W5: 0 | X5: 1159.09 | Y5: 1159.09 | Z5: 1159.09 | AA5: 1159.09 | AB5: 0 | AC5: 0 | AE5: 0.1 | AH5: 425.85 | AI5: 0 | AJ5: 425.85 | AK5: 425.85 | AL5: FALSE | AN5: Platform Shoes | AO5: SKY HIGH | AP5: NUDE 6248
A6: AU | B6: CL Chadstone | C6: 18-00018904 | D6: 309242 | E6: Cynthia McAuliffe | F6: Alex Ching Swee Lim | H6: Processed | AI6: 0 | AL6: FALSE
A7: AU | B7: CL Chadstone | C7: 18-00019075 | D7: 310785 | E7: Ella Anderson | F7: Sharon Tran | H7: Processed | I7: CHRISTIAN LOUBOUTIN SA | J7: Men Shoes | K7: 42 | L7: BK01 | M7: S18MM1 CORE | N7: 3607417040697S18 | O7: 1150377 | P7: GREGGO FLAT PATENT/GG | Q7: CL Chadstone | R7: CL Chadstone | T7: TRUE | U7: 1 | V7: 1 | W7: 0 | X7: 1113.64 | Y7: 1113.64 | Z7: 1113.64 | AA7: 1113.64 | AB7: 0 | AC7: 0 | AE7: 0.1 | AH7: 406.88 | AI7: 0 | AJ7: 406.88 | AK7: 406.88 | AL7: FALSE | AN7: OXFORD | AO7: FLAT | AP7: BLACK
A8: AU | B8: CL Chadstone | C8: 18-00019359 | D8: 311574 | E8: Sarah Cox | F8: Suzie Bonanno | H8: Processed | I8: CHRISTIAN LOUBOUTIN SA | J8: Women Shoes | K8: 35.5 | L8: CM47 | M8: F18WM1 SEAS | N8: 3615480386581F18 | O8: 3180053 | P8: MIRAGIRL 100 PVC/CHIFFON/PAT | Q8: CL Chadstone | R8: CL Chadstone | T8: TRUE | U8: 1 | V8: 1 | W8: 0 | X8: 1722.73 | Y8: 1722.73 | Z8: 1722.73 | AA8: 1722.73 | AB8: 0 | AC8: 0 | AE8: 0.1 | AH8: 639.95 | AI8: 0 | AJ8: 639.95 | AK8: 639.95 | AL8: FALSE | AN8: Ankle Strap | AO8: HIGH | AP8: VERSION BLACK
A9: AU | B9: CL Chadstone | C9: 18-00017596 | D9: 313151 | E9: Sarah Cox | F9: Samantha Powell | H9: Processed | I9: CHRISTIAN LOUBOUTIN SA | J9: Women Bags | K9: TU | L9: B078 | M9: F18WBM1 CORE | N9: 3607419407252F18 | O9: 3175013 | P9: PALOMA CLUTCH CALF P/SPIKES RIVE GAUCHE | Q9: CL Chadstone | R9: CL Chadstone | T9: TRUE | U9: 1 | V9: 1 | W9: 0 | X9: 1540.91 | Y9: 1540.91 | Z9: 1540.91 | AA9: 1540.91 | AB9: 0 | AC9: 0 | AE9: 0.1 | AH9: 559.83 | AI9: 0 | AJ9: 559.83 | AK9: 559.83 | AL9: FALSE | AN9: Clutch | AP9: BLACK/GUN METAL
A10: AU | B10: CL Chadstone | C10: 18-00018905 | D10: 313610 | E10: Cynthia McAuliffe | F10: Sue Swenser | G10: R&N Sandblasting | H10: Processed | AI10: 0 | AL10: FALSE
A11: AU | B11: CL Chadstone | C11: 18-00017711 | D11: 314196 | E11: Danielle Rais | F11: Ajron Taip | H11: Processed | I11: CHRISTIAN LOUBOUTIN SA | J11: Women Shoes | K11: 38 | L11: PK20 | M11: F18WM2 CORE | N11: 3607412296167F18 | O11: 3100893 | P11: LADY PEEP 150 PATENT CALF | Q11: CL Chadstone | R11: CL Chadstone | T11: TRUE | U11: 1 | V11: 1 | W11: 0 | X11: 1159.09 | Y11: 1159.09 | Z11: 1101.14 | AA11: 1101.14 | AB11: 57.95 | AC11: 57.95 | AE11: 0.1 | AH11: 451.46 | AI11: 0 | AJ11: 451.46 | AK11: 451.46 | AL11: FALSE | AN11: Platform Shoes | AO11: SKY HIGH | AP11: NUDE 6248
A12: AU | B12: CL Chadstone | C12: 18-00018755 | D12: 314554 | E12: Munashe Abson | F12: Chongming Li | H12: Processed | I12: CHRISTIAN LOUBOUTIN SA | J12: Women Shoes | K12: 37 | L12: WH62 | M12: F18WM1 CS | N12: 3615480594344F18 | O12: 1130433 | P12: DECOLLETE 554 100 GLITTER MINI | Q12: CL Chadstone | R12: CL Chadstone | T12: TRUE | U12: 1 | V12: 1 | W12: 0 | X12: 904.55 | Y12: 904.55 | Z12: 904.55 | AA12: 904.55 | AB12: 0 | AC12: 0 | AE12: 0.1 | AH12: 359.24 | AI12: 0 | AJ12: 359.24 | AK12: 359.24 | AL12: FALSE | AN12: Pump | AO12: HIGH | AP12: IVORY
A13: AU | B13: CL Chadstone | C13: 18-00019325 | D13: 316153 | E13: Rachel Mak | F13: Michael Barker | H13: Processed | I13: CHRISTIAN LOUBOUTIN SA | J13: Women Shoes | K13: 40.5 | L13: BK01 | M13: S19WM1 CORE | N13: 3607416667758S19 | O13: 3140495 | P13: PIGALLE FOLLIES 100 PATENT | Q13: CL Chadstone | R13: CL Chadstone | T13: TRUE | U13: 1 | V13: 1 | W13: 0 | X13: 886.36 | Y13: 886.36 | Z13: 886.36 | AA13: 886.36 | AB13: 0 | AC13: 0 | AE13: 0.1 | AH13: 371.47 | AI13: 0 | AJ13: 371.47 | AK13: 371.47 | AL13: FALSE | AN13: Pump | AO13: HIGH | AP13: BLACK
A14: AU | B14: CL Chadstone | C14: 18-00017863 | D14: 316794 | E14: Sarah Cox | F14: Gina Popowicz | H14: Processed | I14: CHRISTIAN LOUBOUTIN SA | J14: Women Shoes | K14: 38 | L14: PK20 | M14: S18WM2 CORE | N14: 3607412853070S18 | O14: 1110971 | P14: PIGALLE PLATO 120 PATENT CALF | Q14: CL Chadstone | R14: CL Chadstone | T14: TRUE | U14: 1 | V14: 1 | W14: 0 | X14: 1086.36 | Y14: 1086.36 | Z14: 1086.36 | AA14: 1086.36 | AB14: 0 | AC14: 0 | AE14: 0.1 | AH14: 403.62 | AI14: 0 | AJ14: 403.62 | AK14: 403.62 | AL14: FALSE | AN14: Platform Shoes | AO14: HIGH | AP14: NUDE 6248 | AQ14: Platform shoes
A15: AU | B15: CL Chadstone | C15: 18-00017047 | D15: 317133 | E15: Rachel Mak | F15: Max Girgin | G15: Promax Building Development | H15: Processed | I15: CHRISTIAN LOUBOUTIN SA | J15: Women Shoes | K15: 38 | L15: BK65 | M15: F18WM1 SEAS | N15: 3615480561506F18 | O15: 3180434 | P15: DRAMA SLING 100 PATENT | Q15: CL Chadstone | R15: CL Chadstone | T15: TRUE | U15: 1 | V15: 1 | W15: 0 | X15: 1177.27 | Y15: 1177.27 | Z15: 1177.27 | AA15: 1177.27 | AB15: 0 | AC15: 0 | AE15: 0.1 | AH15: 450.05 | AI15: 0 | AJ15: 450.05 | AK15: 450.05 | AL15: FALSE | AN15: Sling Back | AO15: HIGH | AP15: BLACK/SILVER
A16: AU | B16: CL Chadstone | C16: 18-00019091 | D16: 317889 | E16: Danielle Rais | F16: Kiera Emerzidis | H16: Processed | I16: CHRISTIAN LOUBOUTIN SA | J16: Women Bags | K16: TU | L16: CM53 | M16: S18WBM1 CORE | N16: 3607419408464S18 | O16: 3175110 | P16: PALOMA SMALL CALF EMPIRE/PATENT | Q16: CL Chadstone | R16: CL Chadstone | T16: TRUE | U16: 1 | V16: 1 | W16: 0 | X16: 2586.36 | Y16: 2586.36 | Z16: 2586.36 | AA16: 2586.36 | AB16: 0 | AC16: 0 | AE16: 0.1 | AH16: 976.5 | AI16: 0 | AJ16: 976.5 | AK16: 976.5 | AL16: FALSE | AN16: 2 HANDLE BAG | AO16: 0 | AP16: BLACK/BLACK
A17: AU | B17: CL Chadstone | C17: 18-00018141 | D17: 318455 | E17: Ella Anderson | F17: Nicole Cooper | H17: Processed | I17: CHRISTIAN LOUBOUTIN SA | J17: Women Shoes | K17: 37 | L17: WH43 | M17: F18WM2 SEAS | N17: 3615480765645F18 | O17: 3181150 | P17: BOOT IN LOVE 100 CALF LOVE/PAT | Q17: CL Chadstone | R17: CL Chadstone | T17: TRUE | U17: 1 | V17: 1 | W17: 0 | X17: 1631.82 | Y17: 1631.82 | Z17: 1631.82 | AA17: 1631.82 | AB17: 0 | AC17: 0 | AE17: 0.1 | AH17: 608.05 | AI17: 0 | AJ17: 608.05 | AK17: 608.05 | AL17: FALSE | AN17: Booty | AO17: HIGH | AP17: VERSION WHITE
A18: AU | B18: CL Chadstone | C18: 18-00019308 | D18: 319354 | E18: Vivian Yu | F18: Luting Ding | H18: Processed | I18: CHRISTIAN LOUBOUTIN SA | J18: Women Shoes | K18: 37.5 | L18: F065 | M18: F18WM1 CTS | N18: 3615480470556F18 | O18: 3180466 | P18: FOLLIES STRASS 100 RETE/SUEDE LAME | Q18: CL Chadstone | R18: CL Chadstone | T18: TRUE | U18: 1 | V18: 1 | W18: 0 | X18: 1531.82 | Y18: 1531.82 | Z18: 1531.82 | AA18: 1531.82 | AB18: 0 | AC18: 0 | AE18: 0.1 | AH18: 578.22 | AI18: 0 | AJ18: 578.22 | AK18: 578.22 | AL18: FALSE | AN18: Pump | AO18: HIGH | AP18: VERSION LIGHT SILK
A19: AU | B19: CL Chadstone | C19: 18-00019064 | D19: 320146 | E19: Rachel Mak | F19: Ozan Girgin | H19: Processed | I19: CHRISTIAN LOUBOUTIN SA | J19: Women Shoes | K19: 38 | L19: W083 | M19: F18WM1 SEAS | N19: 3615480561674F18 | O19: 3180437 | P19: DRAMA SLING 70 PATENT | Q19: CL Chadstone | R19: CL Chadstone | T19: TRUE | U19: 1 | V19: 1 | W19: 0 | X19: 1177.27 | Y19: 1177.27 | Z19: 1177.27 | AA19: 1177.27 | AB19: 0 | AC19: 0 | AE19: 0.1 | AH19: 452.64 | AI19: 0 | AJ19: 452.64 | AK19: 452.64 | AL19: FALSE | AN19: Sling Back | AO19: MID | AP19: LATTE/SILVER
A20: AU | B20: CL Chadstone | C20: 18-00018903 | D20: 320421 | E20: Cynthia McAuliffe | F20: Natasha Tuano | H20: Processed | AI20: 0 | AL20: FALSE
A21: AU | B21: CL Chadstone | C21: 18-00019335 | D21: 320428 | E21: Sarah Cox | F21: Mary Ghobrial | H21: Processed | I21: CHRISTIAN LOUBOUTIN SA | N21: 8000000000001 | P21: REPAIR | Q21: CL Chadstone | R21: CL Chadstone | T21: TRUE | U21: 1 | V21: 1 | W21: 0 | X21: 0 | Y21: 0 | Z21: 36.36 | AA21: 36.36 | AB21: -36.36 | AC21: -36.36 | AE21: 0.1 | AH21: 0 | AI21: 0 | AJ21: 0 | AK21: 0 | AL21: FALSE | AN21: MISC
A22: AU | B22: CL Chadstone | C22: 18-00017292 | D22: 320636 | E22: Rachel Mak | F22: Christine Kolyvas | H22: Processed | I22: CHRISTIAN LOUBOUTIN SA | N22: 19 | P22: Gift: Pins | Q22: CL Chadstone | R22: CL Chadstone | T22: TRUE | U22: 1 | V22: 1 | W22: 0 | X22: 0 | Y22: 0 | Z22: 0 | AA22: 0 | AB22: 0 | AC22: 0 | AE22: 0.1 | AH22: 0 | AI22: 0 | AJ22: 0 | AK22: 0 | AL22: FALSE | AN22: MISC
A23: AU | B23: CL Chadstone | C23: 18-00017292 | D23: 320636 | E23: Rachel Mak | F23: Christine Kolyvas | H23: Processed | I23: CHRISTIAN LOUBOUTIN SA | J23: Women Shoes | K23: 37.5 | L23: CMA3 | M23: F18WM2 SEAS | N23: 3615480664757F18 | O23: 3180884 | P23: EKLECTICA 120 SPECCHIO | Q23: CL Chadstone | R23: CL Chadstone | T23: TRUE | U23: 1 | V23: 1 | W23: 0 | X23: 1159.09 | Y23: 1159.09 | Z23: 1159.09 | AA23: 1159.09 | AB23: 0 | AC23: 0 | AE23: 0.1 | AH23: 446.2 | AI23: 0 | AJ23: 446.2 | AK23: 446.2 | AL23: FALSE | AN23: Pump | AO23: HIGH | AP23: VERSION MULTI
A24: AU | B24: CL Chadstone | C24: 18-00017327 | D24: 320636 | E24: Rachel Mak | F24: Christine Kolyvas | H24: Processed | I24: CHRISTIAN LOUBOUTIN SA | J24: Women Shoes | K24: 37.5 | L24: CMA3 | M24: F18WM2 SEAS | N24: 3615480664757F18 | O24: 3180884 | P24: EKLECTICA 120 SPECCHIO | Q24: CL Chadstone | R24: CL Chadstone | T24: TRUE | U24: -1 | V24: -1 | W24: 0 | X24: 1159.09 | Y24: -1159.09 | Z24: 1159.09 | AA24: -1159.09 | AB24: 0 | AC24: 0 | AE24: 0.1 | AH24: 446.2 | AI24: 0 | AJ24: 446.2 | AK24: -446.2 | AL24: FALSE | AM24: return | AN24: Pump | AO24: HIGH | AP24: VERSION MULTI
A25: AU | B25: CL Chadstone | C25: 18-00017327 | D25: 320636 | E25: Rachel Mak | F25: Christine Kolyvas | H25: Processed | I25: CHRISTIAN LOUBOUTIN SA | J25: Women Shoes | K25: 37.5 | L25: BK65 | M25: F18WM1 SEAS | N25: 3615480593385F18 | O25: 3180515 | P25: CHOCA LUX 120 KID | Q25: CL Chadstone | R25: CL Chadstone | T25: TRUE | U25: 1 | V25: 1 | W25: 0 | X25: 1450 | Y25: 1450 | Z25: 1450 | AA25: 1450 | AB25: 0 | AC25: 0 | AE25: 0.1 | AH25: 543.04 | AI25: 0 | AJ25: 543.04 | AK25: 543.04 | AL25: FALSE | AN25: Platform Sandals | AO25: HIGH | AP25: BLACK/SILVER
A26: AU | B26: CL Chadstone | C26: 18-00018495 | D26: 321974 | E26: Munashe Abson | F26: Cassandra Alikakos | H26: Processed | I26: CHRISTIAN LOUBOUTIN SA | J26: Men Shoes | K26: 42 | L26: BK01 | M26: F18MM1 SEAS | N26: 3615480387120F18 | O26: 3180055 | P26: TASSILOBIS FLAT VV/JACQ LOUB SKY/PAT/GG | Q26: CL Chadstone | R26: CL Chadstone | T26: TRUE | U26: 1 | V26: 1 | W26: 0 | X26: 1250 | Y26: 1250 | Z26: 1250 | AA26: 1250 | AB26: 0 | AC26: 0 | AE26: 0.1 | AH26: 475.88 | AI26: 0 | AJ26: 475.88 | AK26: 475.88 | AL26: FALSE | AN26: Loafer | AO26: FLAT | AP26: BLACK
A27: AU | B27: CL Chadstone | C27: 18-00018756 | D27: 322901 | E27: Munashe Abson | F27: Dawn Yeun | H27: Processed | I27: CHRISTIAN LOUBOUTIN SA | J27: Women Shoes | K27: 38.5 | L27: 3241 | M27: F18WM1 SEAS | N27: 3615480478217F18 | O27: 3180419 | P27: PROVISORE 55 PATENT/PVC | Q27: CL Chadstone | R27: CL Chadstone | T27: TRUE | U27: 1 | V27: 1 | W27: 0 | X27: 1113.64 | Y27: 1113.64 | Z27: 1113.64 | AA27: 1113.64 | AB27: 0 | AC27: 0 | AE27: 0.1 | AH27: 414.38 | AI27: 0 | AJ27: 414.38 | AK27: 414.38 | AL27: FALSE | AN27: Pump | AO27: MID | AP27: NUDE/TRANSP
A28: AU | B28: CL Chadstone | C28: 18-00018897 | D28: 325182 | E28: Ella Anderson | F28: Duirmus Celik | H28: Processed | I28: CHRISTIAN LOUBOUTIN SA | J28: Men Shoes | K28: 42 | L28: CMA3 | M28: S18MM2 SEAS | N28: 3615480289905S18 | O28: 1180986 | P28: LOUIS JUNIOR TONY FLAT PAT/VEL COT/TECHNO TENNIS/C | Q28: CL Chadstone | R28: CL Chadstone | T28: TRUE | U28: 1 | V28: 1 | W28: 0 | X28: 1540.91 | Y28: 1540.91 | Z28: 1540.91 | AA28: 1540.91 | AB28: 0 | AC28: 0 | AE28: 0.1 | AH28: 566.08 | AI28: 0 | AJ28: 566.08 | AK28: 566.08 | AL28: FALSE | AN28: Low Sneakers | AO28: FLAT | AP28: VERSION MULTI
A29: AU | B29: CL Chadstone | C29: 18-00017801 | D29: RI-532726 | E29: Sarah Cox | F29: Hanhui Huang | H29: Processed | I29: CHRISTIAN LOUBOUTIN SA | J29: Women Shoes | K29: 37 | L29: B262 | M29: F18WM2 CTS | N29: 3615480610921F18 | O29: 3180672 | P29: PIK BOAT WOMAN FLAT VELVET GALACTICA/GG | Q29: CL Chadstone | R29: CL Chadstone | T29: TRUE | U29: 1 | V29: 1 | W29: 0 | X29: 1177.27 | Y29: 1177.27 | Z29: 1177.27 | AA29: 1177.27 | AB29: 0 | AC29: 0 | AE29: 0.1 | AH29: 443.57 | AI29: 0 | AJ29: 443.57 | AK29: 443.57 | AL29: FALSE | AN29: Low Sneakers | AO29: FLAT | AP29: BLACK/SILVER AB
A30: AU | B30: CL Chadstone | C30: 18-00018718 | D30: IQ-497681 | E30: Vivian Yu | F30: Adam Joyce | H30: Processed | I30: CHRISTIAN LOUBOUTIN SA | J30: Women Shoes | K30: 40.5 | L30: WH62 | M30: F18WM1 CS | N30: 3615480594412F18 | O30: 1130433 | P30: DECOLLETE 554 100 GLITTER MINI | Q30: CL Chadstone | R30: CL Chadstone | T30: TRUE | U30: 1 | V30: 1 | W30: 0 | X30: 904.55 | Y30: 904.55 | Z30: 904.55 | AA30: 904.55 | AB30: 0 | AC30: 0 | AE30: 0.1 | AH30: 359.24 | AI30: 0 | AJ30: 359.24 | AK30: 359.24 | AL30: FALSE | AN30: Pump | AO30: HIGH | AP30: IVORY
A31: AU | B31: CL Chadstone | C31: 18-00018741 | D31: IQ-497681 | E31: Vivian Yu | F31: Adam Joyce | H31: Processed | I31: CHRISTIAN LOUBOUTIN SA | J31: Women Shoes | K31: 40.5 | L31: WH62 | M31: F18WM1 CS | N31: 3615480594412F18 | O31: 1130433 | P31: DECOLLETE 554 100 GLITTER MINI | Q31: CL Chadstone | R31: CL Chadstone | T31: TRUE | U31: -1 | V31: -1 | W31: 0 | X31: 904.55 | Y31: -904.55 | Z31: 904.55 | AA31: -904.55 | AB31: 0 | AC31: 0 | AE31: 0.1 | AH31: 359.24 | AI31: 0 | AJ31: 359.24 | AK31: -359.24 | AL31: FALSE | AM31: return | AN31: Pump | AO31: HIGH | AP31: IVORY
A32: AU | B32: CL Chadstone | C32: 18-00018741 | D32: IQ-497681 | E32: Vivian Yu | F32: Adam Joyce | H32: Processed | I32: CHRISTIAN LOUBOUTIN SA | J32: Women Shoes | K32: 39.5 | L32: BK65 | M32: F18WM1 SEAS | N32: 3615480523245F18 | O32: 3180420 | P32: LACE 554 SPIKES 100 RETE/LACE CHANT/S LAME/NAPPA | Q32: CL Chadstone | R32: CL Chadstone | T32: TRUE | U32: 1 | V32: 1 | W32: 0 | X32: 1204.55 | Y32: 1204.55 | Z32: 1204.55 | AA32: 1204.55 | AB32: 0 | AC32: 0 | AE32: 0.1 | AH32: 446.13 | AI32: 0 | AJ32: 446.13 | AK32: 446.13 | AL32: FALSE | AN32: Pump | AO32: HIGH | AP32: BLACK/SILVER
A33: AU | B33: CL Chadstone | C33: 18-00018834 | D33: TR-268541 | E33: Rachel Mak | F33: Terri Ercan | H33: Processed | I33: CHRISTIAN LOUBOUTIN SA | J33: Women Bags | K33: TU | L33: CM53 | M33: F18WB2 CS | N33: 3615480680023F18 | O33: 3185215 | P33: CABATA CALF PARIS LOVE | Q33: CL Chadstone | R33: CL Chadstone | T33: TRUE | U33: 1 | V33: 1 | W33: 0 | X33: 2113.64 | Y33: 2113.64 | Z33: 2113.64 | AA33: 2113.64 | AB33: 0 | AC33: 0 | AE33: 0.1 | AH33: 812.88 | AI33: 0 | AJ33: 812.88 | AK33: 812.88 | AL33: FALSE | AN33: Tote | AP33: BLACK/BLACK
A34: AU | B34: CL Chadstone | C34: 18-00018607 | D34: KL-258463 | E34: Vivian Yu | F34: Lisa McAndrew | H34: Processed | I34: CHRISTIAN LOUBOUTIN SA | N34: 8000000000001 | P34: REPAIR | Q34: CL Chadstone | R34: CL Chadstone | T34: TRUE | U34: 1 | V34: 1 | W34: 0 | X34: 0 | Y34: 0 | Z34: 63.64 | AA34: 63.64 | AB34: -63.64 | AC34: -63.64 | AE34: 0.1 | AH34: 0 | AI34: 0 | AJ34: 0 | AK34: 0 | AL34: FALSE | AN34: MISC
A35: AU | B35: CL Chadstone | C35: 18-00017854 | D35: PE-295229 | E35: Vivian Yu | F35: Glenn Mackay | H35: Processed | I35: CHRISTIAN LOUBOUTIN SA | J35: Women Shoes | K35: 36 | L35: R251 | M35: F18WM2 CS | N35: 3615480615810F18 | O35: 3161254 | P35: SO KATE 120 METAL PATENT | Q35: CL Chadstone | R35: CL Chadstone | T35: TRUE | U35: 1 | V35: 1 | W35: 0 | X35: 931.82 | Y35: 931.82 | Z35: 931.82 | AA35: 931.82 | AB35: 0 | AC35: 0 | AE35: 0.1 | AH35: 357.18 | AI35: 0 | AJ35: 357.18 | AK35: 357.18 | AL35: FALSE | AN35: Pump | AO35: HIGH | AP35: LOUBI
A36: AU | B36: CL Chadstone | C36: 18-00018906 | D36: MI-914579 | E36: Vivian Yu | F36: Chen Cheng | H36: Processed | I36: CHRISTIAN LOUBOUTIN SA | J36: Accessories | K36: TU | L36: CM53 | M36: F18AM2 CONT | N36: 3615480113880F18 | O36: 1185049 | P36: M KIOS NV CALF EMPIRE/SPIKES | Q36: CL Chadstone | R36: CL Chadstone | T36: TRUE | U36: 1 | V36: 1 | W36: 0 | X36: 359.09 | Y36: 359.09 | Z36: 359.09 | AA36: 359.09 | AB36: 0 | AC36: 0 | AE36: 0.1 | AH36: 0 | AI36: 0 | AJ36: 0 | AK36: 0 | AL36: FALSE | AN36: Simple Card Holder | AP36: BLACK/BLACK
A37: AU | B37: CL Chadstone | C37: 18-00017414 | D37: WX-312522 | E37: Sarah Cox | F37: Joanna Potomitis | H37: Processed | I37: CHRISTIAN LOUBOUTIN SA | J37: Men Shoes | K37: 45 | L37: BK01 | M37: F18MM1 CORE | N37: 3607417040758F18 | O37: 1150377 | P37: GREGGO FLAT PATENT/GG | Q37: CL Chadstone | R37: CL Chadstone | T37: TRUE | U37: 1 | V37: 1 | W37: 0 | X37: 1113.64 | Y37: 1113.64 | Z37: 1113.64 | AA37: 1113.64 | AB37: 0 | AC37: 0 | AE37: 0.1 | AH37: 417.73 | AI37: 0 | AJ37: 417.73 | AK37: 417.73 | AL37: FALSE | AN37: OXFORD | AO37: FLAT | AP37: BLACK
A38: AU | B38: CL Chadstone | C38: 18-00019369 | D38: SS-861916 | E38: Danielle Rais | F38: Susan Beling | H38: Processed | I38: CHRISTIAN LOUBOUTIN SA | J38: Women Shoes | K38: 37.5 | L38: BK01 | M38: S18WM2 CORE | N38: 3607416630950S18 | O38: 3140498 | P38: DECOLLETE 554 85 PATENT | Q38: CL Chadstone | R38: CL Chadstone | T38: TRUE | U38: 1 | V38: 1 | W38: 0 | X38: 886.36 | Y38: 886.36 | Z38: 886.36 | AA38: 886.36 | AB38: 0 | AC38: 0 | AE38: 0.1 | AH38: 341.78 | AI38: 0 | AJ38: 341.78 | AK38: 341.78 | AL38: FALSE | AN38: Pump | AO38: MID | AP38: BLACK
A39: AU | B39: CL Chadstone | C39: 18-00018898 | D39: NP-242425 | E39: Sarah Cox | F39: Nicole Moukakos | H39: Processed | I39: CHRISTIAN LOUBOUTIN SA | J39: Women Shoes | K39: 36.5 | L39: BK01 | M39: F18WM1 CORE | N39: 3607415745013F18 | O39: 3130524 | P39: IRIZA 100 PATENT | Q39: CL Chadstone | R39: CL Chadstone | T39: TRUE | U39: 1 | V39: 1 | W39: 0 | X39: 886.36 | Y39: 886.36 | Z39: 886.36 | AA39: 886.36 | AB39: 0 | AC39: 0 | AE39: 0.1 | AH39: 117.25 | AI39: 0 | AJ39: 117.25 | AK39: 117.25 | AL39: FALSE | AN39: Pump | AO39: HIGH | AP39: BLACK
A40: AU | B40: CL Chadstone | C40: 18-00017145 | D40: CB-956481 | E40: Vivian Yu | F40: Zhi Qiang Yu | H40: Processed | I40: CHRISTIAN LOUBOUTIN SA | J40: Men Shoes | K40: 40 | L40: P298 | M40: F18MM2 CS | N40: 3615480619269F18 | O40: 1120387 | P40: ROLLER-BOAT FLAT VEAU VELOURS/GG/SPIKES | Q40: CL Chadstone | R40: CL Chadstone | T40: TRUE | U40: 1 | V40: 1 | W40: 0 | X40: 1513.64 | Y40: 1513.64 | Z40: 1513.64 | AA40: 1513.64 | AB40: 0 | AC40: 0 | AE40: 0.1 | AH40: 567.96 | AI40: 0 | AJ40: 567.96 | AK40: 567.96 | AL40: FALSE | AN40: Low Sneakers | AO40: FLAT | AP40: ANTIC/PINK BRONZE
A41: AU | B41: CL Chadstone | C41: 18-00017145 | D41: CB-956481 | E41: Vivian Yu | F41: Zhi Qiang Yu | H41: Processed | I41: CHRISTIAN LOUBOUTIN SA | N41: 19 | P41: Gift: Pins | Q41: CL Chadstone | R41: CL Chadstone | T41: TRUE | U41: 1 | V41: 1 | W41: 0 | X41: 0 | Y41: 0 | Z41: 0 | AA41: 0 | AB41: 0 | AC41: 0 | AE41: 0.1 | AH41: 0 | AI41: 0 | AJ41: 0 | AK41: 0 | AL41: FALSE | AN41: MISC
A42: AU | B42: CL Chadstone | C42: 18-00017146 | D42: CB-956481 | E42: Vivian Yu | F42: Zhi Qiang Yu | H42: Processed | I42: CHRISTIAN LOUBOUTIN SA | J42: Men Shoes | K42: 43 | L42: CMA3 | M42: F18MM2 SEAS | N42: 3615480660650F18 | O42: 3180869 | P42: NO LIMIT F18 FLAT PAT NACR/VV/CR AST/N LAM/STR/GG | Q42: CL Chadstone | R42: CL Chadstone | T42: TRUE | U42: 1 | V42: 1 | W42: 0 | X42: 3404.55 | Y42: 3404.55 | Z42: 3404.55 | AA42: 3404.55 | AB42: 0 | AC42: 0 | AE42: 0.1 | AH42: 1284.77 | AI42: 0 | AJ42: 1284.77 | AK42: 1284.77 | AL42: FALSE | AN42: Sneakers | AO42: FLAT | AP42: VERSION MULTI
A43: AU | B43: CL Chadstone | C43: 18-00017146 | D43: CB-956481 | E43: Vivian Yu | F43: Zhi Qiang Yu | H43: Processed | I43: CHRISTIAN LOUBOUTIN SA | N43: 19 | P43: Gift: Pins | Q43: CL Chadstone | R43: CL Chadstone | T43: TRUE | U43: 2 | V43: 2 | W43: 0 | X43: 0 | Y43: 0 | Z43: 0 | AA43: 0 | AB43: 0 | AC43: 0 | AE43: 0.1 | AH43: 0 | AI43: 0 | AJ43: 0 | AK43: 0 | AL43: FALSE | AN43: MISC
A44: AU | B44: CL Chadstone | C44: 18-00019052 | D44: UI-682295 | E44: Rachel Mak | F44: Huanhuan Wang | H44: Processed | I44: CHRISTIAN LOUBOUTIN SA | N44: 8000000000001 | P44: REPAIR | Q44: CL Chadstone | R44: CL Chadstone | T44: TRUE | U44: 1 | V44: 1 | W44: 0 | X44: 0 | Y44: 0 | Z44: 36.36 | AA44: 36.36 | AB44: -36.36 | AC44: -36.36 | AE44: 0.1 | AH44: 0 | AI44: 0 | AJ44: 0 | AK44: 0 | AL44: FALSE | AN44: MISC
A45: AU | B45: CL Chadstone | C45: 18-00017106 | D45: UP-788841 | E45: Danielle Rais | F45: XUEJUN ZHANG | H45: Processed | I45: CHRISTIAN LOUBOUTIN SA | J45: Women Shoes | K45: 37.5 | L45: Z033 | M45: F18WM2 CTS | N45: 3615480611270F18 | O45: 3180674 | P45: ROLLER BOAT WOMAN FLAT GLITTER REGINA/GG | Q45: CL Chadstone | R45: CL Chadstone | T45: TRUE | U45: 1 | V45: 1 | W45: 0 | X45: 1604.55 | Y45: 1604.55 | Z45: 1604.55 | AA45: 1604.55 | AB45: 0 | AC45: 0 | AE45: 0.1 | AH45: 605.9 | AI45: 0 | AJ45: 605.9 | AK45: 605.9 | AL45: FALSE | AN45: Low Sneakers | AO45: FLAT | AP45: BRONZE/MULTIMETAL
A46: AU | B46: CL Chadstone | C46: 18-00017106 | D46: UP-788841 | E46: Danielle Rais | F46: XUEJUN ZHANG | H46: Processed | I46: CHRISTIAN LOUBOUTIN SA | N46: 19 | P46: Gift: Pins | Q46: CL Chadstone | R46: CL Chadstone | T46: TRUE | U46: 1 | V46: 1 | W46: 0 | X46: 0 | Y46: 0 | Z46: 0 | AA46: 0 | AB46: 0 | AC46: 0 | AE46: 0.1 | AH46: 0 | AI46: 0 | AJ46: 0 | AK46: 0 | AL46: FALSE | AN46: MISC
A47: AU | B47: CL Chadstone | C47: 18-00018907 | D47: AS-517569 | E47: Cynthia McAuliffe | F47: Marina Belenkaia | H47: Processed | AI47: 0 | AL47: FALSE
A48: AU | B48: CL Chadstone | C48: 18-00017798 | D48: SC-879175 | E48: Vivian Yu | F48: Rui Hao | H48: Processed | I48: CHRISTIAN LOUBOUTIN SA | J48: Men Shoes | K48: 42 | L48: CMA3 | M48: S18MM2 CTS | N48: 3615480290659S18 | O48: 1180990 | P48: LOU PIK PIK ORLATO FLAT CLF/RETE NET/VEL COT/CHEVR | Q48: CL Chadstone | R48: CL Chadstone | T48: TRUE | U48: 1 | V48: 1 | W48: 0 | X48: 1540.91 | Y48: 1540.91 | Z48: 1540.91 | AA48: 1540.91 | AB48: 0 | AC48: 0 | AE48: 0.1 | AH48: 569.04 | AI48: 0 | AJ48: 569.04 | AK48: 569.04 | AL48: FALSE | AN48: Sneakers | AO48: FLAT | AP48: VERSION MULTI
A49: AU | B49: CL Chadstone | C49: 18-00019144 | D49: BR-251571 | E49: Vivian Yu | F49: Li Hong Rui | H49: Processed | I49: CHRISTIAN LOUBOUTIN SA | J49: Women Shoes | K49: 37 | L49: W146 | M49: F18WM2 CTS | N49: 3615480610587F18 | O49: 3180670 | P49: LOUIS ORLATO WOMAN FLAT CALF LOVE/VV/PAT/GG | Q49: CL Chadstone | R49: CL Chadstone | T49: TRUE | U49: 1 | V49: 1 | W49: 0 | X49: 1268.18 | Y49: 1268.18 | Z49: 1268.18 | AA49: 1268.18 | AB49: 0 | AC49: 0 | AE49: 0.1 | AH49: 477.01 | AI49: 0 | AJ49: 477.01 | AK49: 477.01 | AL49: FALSE | AN49: Sneakers | AO49: FLAT | AP49: WHITE/MULTI
A50: AU | B50: CL Chadstone | C50: 18-00017303 | D50: EA-457413 | E50: Danielle Rais | F50: Wentao Fan | H50: Processed | I50: CHRISTIAN LOUBOUTIN SA | J50: Women Shoes | K50: 35 | L50: CM47 | M50: F18WM1 SEAS | N50: 3615480386574F18 | O50: 3180053 | P50: MIRAGIRL 100 PVC/CHIFFON/PAT | Q50: CL Chadstone | R50: CL Chadstone | T50: TRUE | U50: 1 | V50: 1 | W50: 0 | X50: 1722.73 | Y50: 1722.73 | Z50: 1722.73 | AA50: 1722.73 | AB50: 0 | AC50: 0 | AE50: 0.1 | AH50: 639.95 | AI50: 0 | AJ50: 639.95 | AK50: 639.95 | AL50: FALSE | AN50: Ankle Strap | AO50: HIGH | AP50: VERSION BLACK
A51: AU | B51: CL Chadstone | C51: 18-00017303 | D51: EA-457413 | E51: Danielle Rais | F51: Wentao Fan | H51: Processed | I51: CHRISTIAN LOUBOUTIN SA | N51: 19 | P51: Gift: Pins | Q51: CL Chadstone | R51: CL Chadstone | T51: TRUE | U51: 1 | V51: 1 | W51: 0 | X51: 0 | Y51: 0 | Z51: 0 | AA51: 0 | AB51: 0 | AC51: 0 | AE51: 0.1 | AH51: 0 | AI51: 0 | AJ51: 0 | AK51: 0 | AL51: FALSE | AN51: MISC
A52: AU | B52: CL Chadstone | C52: 18-00017140 | D52: TF-311939 | E52: Ella Anderson | F52: Charlo Carabott | H52: Processed | I52: CHRISTIAN LOUBOUTIN SA | N52: 19 | P52: Gift: Pins | Q52: CL Chadstone | R52: CL Chadstone | T52: TRUE | U52: 1 | V52: 1 | W52: 0 | X52: 0 | Y52: 0 | Z52: 0 | AA52: 0 | AB52: 0 | AC52: 0 | AE52: 0.1 | AH52: 0 | AI52: 0 | AJ52: 0 | AK52: 0 | AL52: FALSE | AN52: MISC
A53: AU | B53: CL Chadstone | C53: 18-00017140 | D53: TF-311939 | E53: Ella Anderson | F53: Charlo Carabott | H53: Processed | I53: CHRISTIAN LOUBOUTIN SA | J53: Accessories | K53: TU | L53: CM53 | M53: S17AM2 CORE | N53: 3607417790684S17 | O53: 1165111 | P53: M PAROS CALF PARIS/SPIKES | Q53: CL Chadstone | R53: CL Chadstone | T53: TRUE | U53: 1 | V53: 1 | W53: 0 | X53: 613.64 | Y53: 613.64 | Z53: 613.64 | AA53: 613.64 | AB53: 0 | AC53: 0 | AE53: 0.1 | AH53: 207.52 | AI53: 0 | AJ53: 207.52 | AK53: 207.52 | AL53: FALSE | AN53: M/B/CC Wallet | AP53: BLACK/BLACK
A54: AU | B54: CL Chadstone | C54: 18-00018909 | D54: KO-138837 | E54: Cynthia McAuliffe | F54: Weihao Hou | H54: Processed | AI54: 0 | AL54: FALSE
A55: AU | B55: CL Chadstone | C55: 18-00017207 | D55: OU-172631 | E55: Rachel Mak | F55: Elisa Mifsud | H55: Processed | I55: CHRISTIAN LOUBOUTIN SA | N55: 19 | P55: Gift: Pins | Q55: CL Chadstone | R55: CL Chadstone | T55: TRUE | U55: 1 | V55: 1 | W55: 0 | X55: 0 | Y55: 0 | Z55: 0 | AA55: 0 | AB55: 0 | AC55: 0 | AE55: 0.1 | AH55: 0 | AI55: 0 | AJ55: 0 | AK55: 0 | AL55: FALSE | AN55: MISC
A56: AU | B56: CL Chadstone | C56: 18-00017207 | D56: OU-172631 | E56: Rachel Mak | F56: Elisa Mifsud | H56: Processed | I56: CHRISTIAN LOUBOUTIN SA | J56: Women Shoes | K56: 39 | L56: CN65 | M56: F18WM1 CTS | N56: 3615480476527F18 | O56: 3180487 | P56: RONDACLOU 120 DENIM | Q56: CL Chadstone | R56: CL Chadstone | T56: TRUE | U56: 1 | V56: 1 | W56: 0 | X56: 1022.73 | Y56: 1022.73 | Z56: 1022.73 | AA56: 1022.73 | AB56: 0 | AC56: 0 | AE56: 0.1 | AH56: 352.66 | AI56: 0 | AJ56: 352.66 | AK56: 352.66 | AL56: FALSE | AN56: Espadrilles/Cork | AO56: HIGH | AP56: VERSION BLUE
A57: AU | B57: CL Chadstone | C57: 18-00017691 | D57: WR-611172 | E57: Danielle Rais | F57: Zhou Ren Jian | H57: Processed | I57: CHRISTIAN LOUBOUTIN SA | J57: Men Shoes | K57: 43 | L57: L145 | M57: F18MM2 CS | N57: 3615480619788F18 | O57: 1130280 | P57: PIK BOAT FLAT VEAU VELOURS/GG | Q57: CL Chadstone | R57: CL Chadstone | T57: TRUE | U57: 1 | V57: 1 | W57: 0 | X57: 1131.82 | Y57: 1131.82 | Z57: 1131.82 | AA57: 1131.82 | AB57: 0 | AC57: 0 | AE57: 0.1 | AH57: 413.95 | AI57: 0 | AJ57: 413.95 | AK57: 413.95 | AL57: FALSE | AN57: Low Sneakers | AO57: FLAT | AP57: SANGUINE/SANGUINE AN
A58: AU | B58: CL Chadstone | C58: 18-00018711 | D58: QG-419342 | E58: Rachel Mak | F58: Xenia Titar | H58: Processed | I58: CHRISTIAN LOUBOUTIN SA | J58: Women Shoes | K58: 36.5 | L58: W146 | M58: F18WM2 CTS | N58: 3615480610570F18 | O58: 3180670 | P58: LOUIS ORLATO WOMAN FLAT CALF LOVE/VV/PAT/GG | Q58: CL Chadstone | R58: CL Chadstone | T58: TRUE | U58: 1 | V58: 1 | W58: 0 | X58: 1268.18 | Y58: 1268.18 | Z58: 1268.18 | AA58: 1268.18 | AB58: 0 | AC58: 0 | AE58: 0.1 | AH58: 477.01 | AI58: 0 | AJ58: 477.01 | AK58: 477.01 | AL58: FALSE | AN58: Sneakers | AO58: FLAT | AP58: WHITE/MULTI
A59: AU | B59: CL Chadstone | C59: 18-00017085 | D59: IO-912322 | E59: Sarah Cox | F59: Liu Ran | H59: Processed | I59: CHRISTIAN LOUBOUTIN SA | J59: Men Shoes | K59: 41 | L59: E168 | M59: S18MM2 CS | N59: 3615480270293S18 | O59: 1180550 | P59: LOUIS JUNIOR STRASS FLAT VV/STRASS/GG | Q59: CL Chadstone | R59: CL Chadstone | T59: TRUE | U59: 1 | V59: 1 | W59: 0 | X59: 3422.73 | Y59: 3422.73 | Z59: 3422.73 | AA59: 3422.73 | AB59: 0 | AC59: 0 | AE59: 0.1 | AH59: 1265.12 | AI59: 0 | AJ59: 1265.12 | AK59: 1265.12 | AL59: FALSE | AN59: Low Sneakers | AO59: FLAT | AP59: ARGILE
A60: AU | B60: CL Chadstone | C60: 18-00017085 | D60: IO-912322 | E60: Sarah Cox | F60: Liu Ran | H60: Processed | I60: CHRISTIAN LOUBOUTIN SA | N60: 19 | P60: Gift: Pins | Q60: CL Chadstone | R60: CL Chadstone | T60: TRUE | U60: 1 | V60: 1 | W60: 0 | X60: 0 | Y60: 0 | Z60: 0 | AA60: 0 | AB60: 0 | AC60: 0 | AE60: 0.1 | AH60: 0 | AI60: 0 | AJ60: 0 | AK60: 0 | AL60: FALSE | AN60: MISC
A61: AU | B61: CL Chadstone | C61: 18-00018843 | D61: JR-361981 | E61: Danielle Rais | F61: Meg Parikh | H61: Processed | I61: CHRISTIAN LOUBOUTIN SA | J61: Women Shoes | K61: 37 | L61: BK65 | M61: F18WM2 SEAS | N61: 3615480718573F18 | O61: 3181096 | P61: AGNES 30 PATENT | Q61: CL Chadstone | R61: CL Chadstone | T61: TRUE | U61: 1 | V61: 1 | W61: 0 | X61: 1022.73 | Y61: 1022.73 | Z61: 1022.73 | AA61: 1022.73 | AB61: 0 | AC61: 0 | AE61: 0.1 | AH61: 381.94 | AI61: 0 | AJ61: 381.94 | AK61: 381.94 | AL61: FALSE | AN61: Ballerina | AO61: MID | AP61: BLACK/SILVER
A62: AU | B62: CL Chadstone | C62: 18-00017763 | D62: YE-892712 | E62: Sarah Cox | F62: Janel Enise Jackson | H62: Processed | I62: CHRISTIAN LOUBOUTIN SA | J62: Women Shoes | K62: 39 | L62: M026 | M62: F18WM1 CS | N62: 3615480383597F18 | O62: 3180037 | P62: IRIZA 100 JACQ LOUBI IN THE SKY/PAT | Q62: CL Chadstone | R62: CL Chadstone | T62: TRUE | U62: 1 | V62: 1 | W62: 0 | X62: 904.55 | Y62: 904.55 | Z62: 904.55 | AA62: 904.55 | AB62: 0 | AC62: 0 | AE62: 0.1 | AH62: 360.14 | AI62: 0 | AJ62: 360.14 | AK62: 360.14 | AL62: FALSE | AN62: Pump | AO62: HIGH | AP62: MULTI/BLACK
A63: AU | B63: CL Chadstone | C63: 18-00017555 | D63: AT-632258 | E63: Ella Anderson | F63: Prince Dib | H63: Processed | I63: CHRISTIAN LOUBOUTIN SA | J63: Women Shoes | K63: 35 | L63: H424 | M63: F18WM1 SEAS | N63: 3615480489763F18 | O63: 3180515 | P63: CHOCA LUX 120 KID | Q63: CL Chadstone | R63: CL Chadstone | T63: TRUE | U63: 1 | V63: 1 | W63: 0 | X63: 1450 | Y63: 1450 | Z63: 1450 | AA63: 1450 | AB63: 0 | AC63: 0 | AE63: 0.1 | AH63: 543.04 | AI63: 0 | AJ63: 543.04 | AK63: 543.04 | AL63: FALSE | AN63: Platform Sandals | AO63: HIGH | AP63: NUDE/PINK BRONZE
A64: AU | B64: CL Chadstone | C64: 18-00019278 | D64: JH-511866 | E64: Danielle Rais | F64: Paula Konidanis | H64: Processed | I64: CHRISTIAN LOUBOUTIN SA | J64: Women Shoes | K64: 37.5 | L64: BK01 | M64: F18WM2 CORE | N64: 3607418113949F18 | O64: 3160528 | P64: DECOLLETE 554 100 NAPPA SHINY | Q64: CL Chadstone | R64: CL Chadstone | T64: TRUE | U64: 1 | V64: 1 | W64: 0 | X64: 886.36 | Y64: 886.36 | Z64: 886.36 | AA64: 886.36 | AB64: 0 | AC64: 0 | AE64: 0.1 | AH64: 353.65 | AI64: 0 | AJ64: 353.65 | AK64: 353.65 | AL64: FALSE | AN64: Pump | AO64: HIGH | AP64: BLACK
A65: AU | B65: CL Chadstone | C65: 18-00017530 | D65: XR-535282 | E65: Sarah Cox | F65: Endota Spa | H65: Processed | I65: CHRISTIAN LOUBOUTIN SA | J65: Women Shoes | K65: 38 | L65: BK01 | M65: F18WM2 CORE | N65: 3607416667703F18 | O65: 3140495 | P65: PIGALLE FOLLIES 100 PATENT | Q65: CL Chadstone | R65: CL Chadstone | T65: TRUE | U65: -1 | V65: -1 | W65: 0 | X65: 886.36 | Y65: -886.36 | Z65: 886.36 | AA65: -886.36 | AB65: 0 | AC65: 0 | AE65: 0.1 | AH65: 84.95 | AI65: 0 | AJ65: 84.95 | AK65: -84.95 | AL65: FALSE | AM65: return | AN65: Pump | AO65: HIGH | AP65: BLACK
A66: AU | B66: CL Chadstone | C66: 18-00017154 | D66: OQ-291177 | E66: Munashe Abson | F66: YIFEI LIU | H66: Processed | I66: CHRISTIAN LOUBOUTIN SA | J66: Accessories | K66: TU | L66: CM53 | M66: F18AM2 CONT | N66: 3615480113880F18 | O66: 1185049 | P66: M KIOS NV CALF EMPIRE/SPIKES | Q66: CL Chadstone | R66: CL Chadstone | T66: TRUE | U66: 1 | V66: 1 | W66: 0 | X66: 359.09 | Y66: 359.09 | Z66: 359.09 | AA66: 359.09 | AB66: 0 | AC66: 0 | AE66: 0.1 | AH66: 0 | AI66: 0 | AJ66: 0 | AK66: 0 | AL66: FALSE | AN66: Simple Card Holder | AP66: BLACK/BLACK
A67: AU | B67: CL Chadstone | C67: 18-00017154 | D67: OQ-291177 | E67: Munashe Abson | F67: YIFEI LIU | H67: Processed | I67: CHRISTIAN LOUBOUTIN SA | N67: 19 | P67: Gift: Pins | Q67: CL Chadstone | R67: CL Chadstone | T67: TRUE | U67: 1 | V67: 1 | W67: 0 | X67: 0 | Y67: 0 | Z67: 0 | AA67: 0 | AB67: 0 | AC67: 0 | AE67: 0.1 | AH67: 0 | AI67: 0 | AJ67: 0 | AK67: 0 | AL67: FALSE | AN67: MISC
A68: AU | B68: CL Chadstone | C68: 18-00019233 | D68: IV-272631 | E68: Rachel Mak | F68: Faye Kulevski | H68: Processed | I68: CHRISTIAN LOUBOUTIN SA | J68: Women Shoes | K68: 37.5 | L68: BK01 | M68: S18WM2 CORE | N68: 3607412853384S18 | O68: 1110971 | P68: PIGALLE PLATO 120 PATENT CALF | Q68: CL Chadstone | R68: CL Chadstone | T68: TRUE | U68: 1 | V68: 1 | W68: 0 | X68: 1086.36 | Y68: 1086.36 | Z68: 1086.36 | AA68: 1086.36 | AB68: 0 | AC68: 0 | AE68: 0.1 | AH68: 403.62 | AI68: 0 | AJ68: 403.62 | AK68: 403.62 | AL68: FALSE | AN68: Platform Shoes | AO68: HIGH | AP68: BLACK
A69: AU | B69: CL Chadstone | C69: 18-00017369 | D69: UL-341777 | E69: Munashe Abson | F69: Ban Yagoub | H69: Processed | I69: CHRISTIAN LOUBOUTIN SA | J69: Women Shoes | K69: 40 | L69: CN65 | M69: F18WM1 CTS | N69: 3615480476534F18 | O69: 3180487 | P69: RONDACLOU 120 DENIM | Q69: CL Chadstone | R69: CL Chadstone | T69: TRUE | U69: 1 | V69: 1 | W69: 0 | X69: 1022.73 | Y69: 1022.73 | Z69: 1022.73 | AA69: 1022.73 | AB69: 0 | AC69: 0 | AE69: 0.1 | AH69: 382.64 | AI69: 0 | AJ69: 382.64 | AK69: 382.64 | AL69: FALSE | AN69: Espadrilles/Cork | AO69: HIGH | AP69: VERSION BLUE
A70: AU | B70: CL Chadstone | C70: 18-00017369 | D70: UL-341777 | E70: Munashe Abson | F70: Ban Yagoub | H70: Processed | I70: CHRISTIAN LOUBOUTIN SA | N70: 19 | P70: Gift: Pins | Q70: CL Chadstone | R70: CL Chadstone | T70: TRUE | U70: 1 | V70: 1 | W70: 0 | X70: 0 | Y70: 0 | Z70: 0 | AA70: 0 | AB70: 0 | AC70: 0 | AE70: 0.1 | AH70: 0 | AI70: 0 | AJ70: 0 | AK70: 0 | AL70: FALSE | AN70: MISC
A71: AU | B71: CL Chadstone | C71: 18-00017605 | D71: WJ-157122 | E71: Rachel Mak | F71: Danmei Chen | H71: Processed | I71: CHRISTIAN LOUBOUTIN SA | J71: Men Shoes | K71: 43 | L71: L145 | M71: F18MM2 CS | N71: 3615480619788F18 | O71: 1130280 | P71: PIK BOAT FLAT VEAU VELOURS/GG | Q71: CL Chadstone | R71: CL Chadstone | T71: TRUE | U71: -1 | V71: -1 | W71: 0 | X71: 1131.82 | Y71: -1131.82 | Z71: 1131.82 | AA71: -1131.82 | AB71: 0 | AC71: 0 | AE71: 0.1 | AH71: 413.95 | AI71: 0 | AJ71: 413.95 | AK71: -413.95 | AL71: FALSE | AM71: return | AN71: Low Sneakers | AO71: FLAT | AP71: SANGUINE/SANGUINE AN
A72: AU | B72: CL Chadstone | C72: 18-00017605 | D72: WJ-157122 | E72: Rachel Mak | F72: Danmei Chen | H72: Processed | I72: CHRISTIAN LOUBOUTIN SA | J72: Men Shoes | K72: 43.5 | L72: L145 | M72: F18MM2 CS | N72: 3615480619795F18 | O72: 1130280 | P72: PIK BOAT FLAT VEAU VELOURS/GG | Q72: CL Chadstone | R72: CL Chadstone | T72: TRUE | U72: 1 | V72: 1 | W72: 0 | X72: 1131.82 | Y72: 1131.82 | Z72: 1131.82 | AA72: 1131.82 | AB72: 0 | AC72: 0 | AE72: 0.1 | AH72: 413.95 | AI72: 0 | AJ72: 413.95 | AK72: 413.95 | AL72: FALSE | AN72: Low Sneakers | AO72: FLAT | AP72: SANGUINE/SANGUINE AN
A73: AU | B73: CL Chadstone | C73: 18-00018743 | D73: BW-961474 | E73: Rachel Mak | F73: JACK SHEPHERD | H73: Processed | I73: CHRISTIAN LOUBOUTIN SA | J73: Men Shoes | K73: 43.5 | L73: CM53 | M73: F18MM1 CORE | N73: 3607417595784F18 | O73: 1130575 | P73: LOUIS JUNIOR SPIKES FLAT VEAU VELOURS | Q73: CL Chadstone | R73: CL Chadstone | T73: TRUE | U73: 1 | V73: 1 | W73: 0 | X73: 1113.64 | Y73: 1113.64 | Z73: 1113.64 | AA73: 1113.64 | AB73: 0 | AC73: 0 | AE73: 0.1 | AH73: 429.8 | AI73: 0 | AJ73: 429.8 | AK73: 429.8 | AL73: FALSE | AN73: Low Sneakers | AO73: FLAT | AP73: BLACK/BLACK
A74: AU | B74: CL Chadstone | C74: 18-00018902 | D74: HY-781457 | E74: Sarah Cox | F74: Ennur Durmush | H74: Processed | I74: CHRISTIAN LOUBOUTIN SA | J74: Accessories | K74: TU | L74: H138 | M74: S18AM1 SEAS | N74: 3615480114634S18 | O74: 1185100 | P74: W PALOMA KEYRING PLEXI/METAL | Q74: CL Chadstone | R74: CL Chadstone | T74: TRUE | U74: 1 | V74: 1 | W74: 0 | X74: 295.45 | Y74: 295.45 | Z74: 295.45 | AA74: 295.45 | AB74: 0 | AC74: 0 | AE74: 0.1 | AH74: 107.42 | AI74: 0 | AJ74: 107.42 | AK74: 107.42 | AL74: FALSE | AN74: KEYRING | AO74: 0 | AP74: BLACK-RED/GOLD
A75: AU | B75: CL Chadstone | C75: 18-00017066 | D75: XI-767483 | E75: Rachel Mak | F75: Trinh Dang | H75: Processed | I75: CHRISTIAN LOUBOUTIN SA | J75: Women Shoes | K75: 35 | L75: F058 | M75: F18WM1 CTS | N75: 3615480459360F18 | O75: 3180415 | P75: ESCARPIC 100 GLITTER DIAMS | Q75: CL Chadstone | R75: CL Chadstone | T75: TRUE | U75: -1 | V75: -1 | W75: 0 | X75: 1531.82 | Y75: -1531.82 | Z75: 1531.82 | AA75: -1531.82 | AB75: 0 | AC75: 0 | AE75: 0.1 | AH75: 573.75 | AI75: 0 | AJ75: 573.75 | AK75: -573.75 | AL75: FALSE | AM75: return | AN75: Pump | AO75: HIGH | AP75: COLOMBE/COLOMBE MET
A76: AU | B76: CL Chadstone | C76: 18-00017066 | D76: XI-767483 | E76: Rachel Mak | F76: Trinh Dang | H76: Processed | I76: CHRISTIAN LOUBOUTIN SA | J76: Women Shoes | K76: 36 | L76: PK1A | M76: F18WM2 CORE | N76: 3607417123772F18 | O76: 1150600 | P76: NEW VERY PRIVE 120 PATENT | Q76: CL Chadstone | R76: CL Chadstone | T76: TRUE | U76: 1 | V76: 1 | W76: 0 | X76: 1086.36 | Y76: 1086.36 | Z76: 1086.36 | AA76: 1086.36 | AB76: 0 | AC76: 0 | AE76: 0.1 | AH76: 414.38 | AI76: 0 | AJ76: 414.38 | AK76: 414.38 | AL76: FALSE | AN76: Platform Shoes | AO76: HIGH | AP76: NUDE
A77: AU | B77: CL Chadstone | C77: 18-00017066 | D77: XI-767483 | E77: Rachel Mak | F77: Trinh Dang | H77: Processed | I77: CHRISTIAN LOUBOUTIN SA | N77: 19 | P77: Gift: Pins | Q77: CL Chadstone | R77: CL Chadstone | T77: TRUE | U77: 1 | V77: 1 | W77: 0 | X77: 0 | Y77: 0 | Z77: 0 | AA77: 0 | AB77: 0 | AC77: 0 | AE77: 0.1 | AH77: 0 | AI77: 0 | AJ77: 0 | AK77: 0 | AL77: FALSE | AN77: MISC
A78: AU | B78: CL Chadstone | C78: 18-00018732 | D78: FF-798157 | E78: Ella Anderson | F78: Mark Harran | H78: Processed | I78: CHRISTIAN LOUBOUTIN SA | J78: Men Shoes | K78: 43 | L78: WH01 | M78: F18MM2 CORE | N78: 3607415475712F18 | O78: 1130548 | P78: LOUIS JUNIOR FLAT CALF | Q78: CL Chadstone | R78: CL Chadstone | T78: TRUE | U78: 1 | V78: 1 | W78: 0 | X78: 931.82 | Y78: 931.82 | Z78: 931.82 | AA78: 931.82 | AB78: 0 | AC78: 0 | AE78: 0.1 | AH78: 363.49 | AI78: 0 | AJ78: 363.49 | AK78: 363.49 | AL78: FALSE | AN78: Low Sneakers | AO78: FLAT | AP78: WHITE
A79: AU | B79: CL Chadstone | C79: 18-00018462 | D79: QH-297746 | E79: Ella Anderson | F79: Mariana Jack | H79: Processed | I79: CHRISTIAN LOUBOUTIN SA | J79: Women Shoes | K79: 41 | L79: WH19 | M79: F18WM1 SEAS | N79: 3615480555178F18 | O79: 3180566 | P79: SANDALE DU DESERT 85 CREPE SATIN | Q79: CL Chadstone | R79: CL Chadstone | T79: TRUE | U79: 1 | V79: 1 | W79: 0 | X79: 1268.18 | Y79: 1268.18 | Z79: 1268.18 | AA79: 1268.18 | AB79: 0 | AC79: 0 | AE79: 0.1 | AH79: 479.55 | AI79: 0 | AJ79: 479.55 | AK79: 479.55 | AL79: FALSE | AN79: Sandals | AO79: MID | AP79: OFF WHITE
A80: AU | B80: CL Chadstone | C80: 18-00018870 | D80: QH-297746 | E80: Ella Anderson | F80: Mariana Jack | H80: Processed | I80: CHRISTIAN LOUBOUTIN SA | J80: Women Shoes | K80: 39.5 | L80: PK1A | M80: F18WM2 CORE | N80: 3607417123840F18 | O80: 1150600 | P80: NEW VERY PRIVE 120 PATENT | Q80: CL Chadstone | R80: CL Chadstone | T80: TRUE | U80: 1 | V80: 1 | W80: 0 | X80: 1086.36 | Y80: 1086.36 | Z80: 1086.36 | AA80: 1086.36 | AB80: 0 | AC80: 0 | AE80: 0.1 | AH80: 345.32 | AI80: 0 | AJ80: 345.32 | AK80: 345.32 | AL80: FALSE | AN80: Platform Shoes | AO80: HIGH | AP80: NUDE
A81: AU | B81: CL Chadstone | C81: 18-00018912 | D81: QH-297746 | E81: Ella Anderson | F81: Mariana Jack | H81: Processed | I81: CHRISTIAN LOUBOUTIN SA | J81: Women Shoes | K81: 39.5 | L81: PK1A | M81: F18WM2 CORE | N81: 3607417123840F18 | O81: 1150600 | P81: NEW VERY PRIVE 120 PATENT | Q81: CL Chadstone | R81: CL Chadstone | T81: TRUE | U81: -1 | V81: -1 | W81: 0 | X81: 1086.36 | Y81: -1086.36 | Z81: 1086.36 | AA81: -1086.36 | AB81: 0 | AC81: 0 | AE81: 0.1 | AH81: 345.32 | AI81: 0 | AJ81: 345.32 | AK81: -345.32 | AL81: FALSE | AM81: return | AN81: Platform Shoes | AO81: HIGH | AP81: NUDE
A82: AU | B82: CL Chadstone | C82: 18-00018912 | D82: QH-297746 | E82: Ella Anderson | F82: Mariana Jack | H82: Processed | I82: CHRISTIAN LOUBOUTIN SA | J82: Women Shoes | K82: 39.5 | L82: 3241 | M82: F18WM2 CONT | N82: 3615480499250F18 | O82: 3180549 | P82: JONATINA 100 NAPPA/PVC | Q82: CL Chadstone | R82: CL Chadstone | T82: TRUE | U82: 1 | V82: 1 | W82: 0 | X82: 1059.09 | Y82: 1059.09 | Z82: 1059.09 | AA82: 1059.09 | AB82: 0 | AC82: 0 | AE82: 0.1 | AH82: 398.72 | AI82: 0 | AJ82: 398.72 | AK82: 398.72 | AL82: FALSE | AN82: Sandals | AO82: HIGH | AP82: NUDE/TRANSP
A83: AU | B83: CL Chadstone | C83: 18-00017259 | D83: IH-476475 | E83: Vivian Yu | F83: Nicholas Hoo | H83: Processed | I83: CHRISTIAN LOUBOUTIN SA | J83: Women Shoes | K83: 35.5 | L83: H358 | M83: F18WM2 SEAS | N83: 3615480637478F18 | O83: 3180781 | P83: LOVE 2018 FLAT PATENT SOFT | Q83: CL Chadstone | R83: CL Chadstone | T83: TRUE | U83: 1 | V83: 1 | W83: 0 | X83: 1031.82 | Y83: 1031.82 | Z83: 1031.82 | AA83: 1031.82 | AB83: 0 | AC83: 0 | AE83: 0.1 | AH83: 385.95 | AI83: 0 | AJ83: 385.95 | AK83: 385.95 | AL83: FALSE | AN83: Ballerina | AO83: FLAT | AP83: BLACK/LOUBI
A84: AU | B84: CL Chadstone | C84: 18-00017259 | D84: IH-476475 | E84: Vivian Yu | F84: Nicholas Hoo | H84: Processed | I84: CHRISTIAN LOUBOUTIN SA | N84: 19 | P84: Gift: Pins | Q84: CL Chadstone | R84: CL Chadstone | T84: TRUE | U84: 1 | V84: 1 | W84: 0 | X84: 0 | Y84: 0 | Z84: 0 | AA84: 0 | AB84: 0 | AC84: 0 | AE84: 0.1 | AH84: 0 | AI84: 0 | AJ84: 0 | AK84: 0 | AL84: FALSE | AN84: MISC
A85: AU | B85: CL Chadstone | C85: 18-00017259 | D85: IH-476475 | E85: Vivian Yu | F85: Nicholas Hoo | H85: Processed | I85: CHRISTIAN LOUBOUTIN SA | J85: Women Shoes | K85: 35 | L85: H067 | M85: S18WM1 SEAS | N85: 3615480139309S18 | O85: 1180539 | P85: IRISHELL FLAT NAPPA | Q85: CL Chadstone | R85: CL Chadstone | T85: TRUE | U85: 1 | V85: 1 | W85: 0 | X85: 977.27 | Y85: 977.27 | Z85: 977.27 | AA85: 977.27 | AB85: 0 | AC85: 0 | AE85: 0.1 | AH85: 359.68 | AI85: 0 | AJ85: 359.68 | AK85: 359.68 | AL85: FALSE | AN85: Ballerina | AO85: FLAT | AP85: NUDE 1/WHITE GOLD
A86: AU | B86: CL Chadstone | C86: 18-00019191 | D86: XD-287794 | E86: Ella Anderson | F86: Katerina Ioannou | H86: Processed | I86: CHRISTIAN LOUBOUTIN SA | J86: Women Shoes | K86: 39 | L86: PK20 | M86: S18WM1 CORE | N86: 3607412853094S18 | O86: 1110971 | P86: PIGALLE PLATO 120 PATENT CALF | Q86: CL Chadstone | R86: CL Chadstone | T86: TRUE | U86: 1 | V86: 1 | W86: 0 | X86: 1086.36 | Y86: 1086.36 | Z86: 1086.36 | AA86: 1086.36 | AB86: 0 | AC86: 0 | AE86: 0.1 | AH86: 403.62 | AI86: 0 | AJ86: 403.62 | AK86: 403.62 | AL86: FALSE | AN86: Platform Shoes | AO86: HIGH | AP86: NUDE 6248 | AQ86: Platform shoes
A87: AU | B87: CL Chadstone | C87: 18-00018908 | D87: KK-146443 | E87: Ella Anderson | F87: Bryce Jardine | H87: Processed | I87: CHRISTIAN LOUBOUTIN SA | J87: Men Shoes | K87: 42.5 | L87: E168 | M87: S18MM2 CS | N87: 3615480270323S18 | O87: 1180550 | P87: LOUIS JUNIOR STRASS FLAT VV/STRASS/GG | Q87: CL Chadstone | R87: CL Chadstone | T87: TRUE | U87: 1 | V87: 1 | W87: 0 | X87: 3422.73 | Y87: 3422.73 | Z87: 3422.73 | AA87: 3422.73 | AB87: 0 | AC87: 0 | AE87: 0.1 | AH87: 1265.12 | AI87: 0 | AJ87: 1265.12 | AK87: 1265.12 | AL87: FALSE | AN87: Low Sneakers | AO87: FLAT | AP87: ARGILE
A88: AU | B88: CL Chadstone | C88: 18-00018901 | D88: XJ-321558 | E88: Danielle Rais | F88: Yue Li | H88: Processed | I88: CHRISTIAN LOUBOUTIN SA | J88: Women Shoes | K88: 36 | L88: BK01 | M88: F17WM2 CONT | N88: 3607415791171F17 | O88: 3130912 | P88: LOUISE XI 120 VEAU VELOURS STRETCH | Q88: CL Chadstone | R88: CL Chadstone | T88: TRUE | U88: 1 | V88: 1 | W88: 0 | X88: 2713.64 | Y88: 2713.64 | Z88: 2713.64 | AA88: 2713.64 | AB88: 0 | AC88: 0 | AE88: 0.1 | AH88: 977.7 | AI88: 0 | AJ88: 977.7 | AK88: 977.7 | AL88: FALSE | AN88: Thighboots | AO88: HIGH | AP88: BLACK
A89: AU | B89: CL Chadstone | C89: 18-00017211 | D89: JN-573542 | E89: Vivian Yu | F89: Cristiano lazzaretto | H89: Processed | I89: CHRISTIAN LOUBOUTIN SA | N89: 19 | P89: Gift: Pins | Q89: CL Chadstone | R89: CL Chadstone | T89: TRUE | U89: 1 | V89: 1 | W89: 0 | X89: 0 | Y89: 0 | Z89: 0 | AA89: 0 | AB89: 0 | AC89: 0 | AE89: 0.1 | AH89: 0 | AI89: 0 | AJ89: 0 | AK89: 0 | AL89: FALSE | AN89: MISC
A90: AU | B90: CL Chadstone | C90: 18-00017211 | D90: JN-573542 | E90: Vivian Yu | F90: Cristiano lazzaretto | H90: Processed | I90: CHRISTIAN LOUBOUTIN SA | J90: Men Shoes | K90: 42 | L90: BK01 | M90: F18MM2 CONT | N90: 3615480634712F18 | O90: 1180550 | P90: LOUIS JUNIOR STRASS FLAT VV/STRASS/GG | Q90: CL Chadstone | R90: CL Chadstone | T90: TRUE | U90: 1 | V90: 1 | W90: 0 | X90: 3422.73 | Y90: 3422.73 | Z90: 3422.73 | AA90: 3422.73 | AB90: 0 | AC90: 0 | AE90: 0.1 | AH90: 1284.77 | AI90: 0 | AJ90: 1284.77 | AK90: 1284.77 | AL90: FALSE | AN90: Low Sneakers | AO90: FLAT | AP90: BLACK
A91: AU | B91: CL Chadstone | C91: 18-00019365 | D91: YI-482757 | E91: Vivian Yu | F91: Lanyu Hao | H91: Processed | I91: CHRISTIAN LOUBOUTIN SA | J91: Women Shoes | K91: 38 | L91: H329 | M91: F18WM1 CTS | N91: 3615480563371F18 | O91: 3160738 | P91: ANJALINA FLAT VEAU VELOURS | Q91: CL Chadstone | R91: CL Chadstone | T91: TRUE | U91: 1 | V91: 1 | W91: 0 | X91: 977.27 | Y91: 977.27 | Z91: 977.27 | AA91: 977.27 | AB91: 0 | AC91: 0 | AE91: 0.1 | AH91: 369.27 | AI91: 0 | AJ91: 369.27 | AK91: 369.27 | AL91: FALSE | AN91: Ballerina | AO91: FLAT | AP91: SOIE/PINK BRONZE
A92: AU | B92: CL Chadstone | C92: 18-00018649 | D92: OM-694429 | E92: Danielle Rais | F92: Katerina Pizzi | H92: Processed | I92: CHRISTIAN LOUBOUTIN SA | J92: Women Shoes | K92: 39.5 | L92: PK1A | M92: F18WM2 SEAS | N92: 3615480796144F18 | O92: 3181195 | P92: ROSIE 120 PATENT | Q92: CL Chadstone | R92: CL Chadstone | T92: TRUE | U92: 1 | V92: 1 | W92: 0 | X92: 1450 | Y92: 1450 | Z92: 1450 | AA92: 1450 | AB92: 0 | AC92: 0 | AE92: 0.1 | AH92: 542.05 | AI92: 0 | AJ92: 542.05 | AK92: 542.05 | AL92: FALSE | AN92: Platform Shoes | AO92: HIGH | AP92: NUDE
A93: AU | B93: CL Chadstone | C93: 18-00018830 | D93: SS-523346 | E93: Sarah Cox | F93: Karoulin Mansour | H93: Processed | I93: CHRISTIAN LOUBOUTIN SA | J93: Women Shoes | K93: 38 | L93: BK01 | M93: S19WM1 CORE | N93: 3607416667703S19 | O93: 3140495 | P93: PIGALLE FOLLIES 100 PATENT | Q93: CL Chadstone | R93: CL Chadstone | T93: TRUE | U93: 1 | V93: 1 | W93: 0 | X93: 886.36 | Y93: 886.36 | Z93: 886.36 | AA93: 886.36 | AB93: 0 | AC93: 0 | AE93: 0.1 | AH93: 371.47 | AI93: 0 | AJ93: 371.47 | AK93: 371.47 | AL93: FALSE | AN93: Pump | AO93: HIGH | AP93: BLACK
A94: AU | B94: CL Chadstone | C94: 18-00018900 | D94: HG-244289 | E94: Cynthia McAuliffe | F94: Zeena Zheng | H94: Processed | AI94: 0 | AL94: FALSE
A95: AU | B95: CL Chadstone | C95: 18-00017776 | D95: IX-871237 | E95: Vivian Yu | F95: AMANDA MAY CHUA | H95: Processed | I95: CHRISTIAN LOUBOUTIN SA | J95: Men Shoes | K95: 40 | L95: BK01 | M95: F18MM1 CS | N95: 3615480445097F18 | O95: 3180344 | P95: LOUIS ORLATO FLAT NEO DNA/GL DIAM/CR STAR/PAT/GG | Q95: CL Chadstone | R95: CL Chadstone | T95: TRUE | U95: 1 | V95: 1 | W95: 0 | X95: 1359.09 | Y95: 1359.09 | Z95: 1359.09 | AA95: 1359.09 | AB95: 0 | AC95: 0 | AE95: 0.1 | AH95: 510.76 | AI95: 0 | AJ95: 510.76 | AK95: 510.76 | AL95: FALSE | AN95: Sneakers | AO95: FLAT | AP95: BLACK
A96: AU | B96: CL Chadstone | C96: 18-00018844 | D96: NH-585266 | E96: Ella Anderson | F96: Peiwei Xie | H96: Processed | I96: CHRISTIAN LOUBOUTIN SA | J96: Accessories | K96: TU | L96: H486 | M96: F18AM2 CTS | N96: 3615480688890F18 | O96: 1175059 | P96: M PANETTONE WALLET CALF EMPIRE/SPIKES MIX | Q96: CL Chadstone | R96: CL Chadstone | T96: TRUE | U96: 1 | V96: 1 | W96: 0 | X96: 886.36 | Y96: 886.36 | Z96: 886.36 | AA96: 886.36 | AB96: 0 | AC96: 0 | AE96: 0.1 | AH96: 345.06 | AI96: 0 | AJ96: 345.06 | AK96: 345.06 | AL96: FALSE | AN96: Zipped Inter Wal | AP96: TYROL/MULTI METAL TYROL
A97: AU | B97: CL Chadstone | C97: 18-00018844 | D97: NH-585266 | E97: Ella Anderson | F97: Peiwei Xie | H97: Processed | I97: CHRISTIAN LOUBOUTIN SA | J97: Accessories | K97: TU | L97: CM53 | M97: F18AM1 CONT | N97: 3615480165438F18 | O97: 1185132 | P97: M CLIPSOS WALLET CALF EMPIRE/SPIKES | Q97: CL Chadstone | R97: CL Chadstone | T97: TRUE | U97: 1 | V97: 1 | W97: 0 | X97: 586.36 | Y97: 586.36 | Z97: 586.36 | AA97: 586.36 | AB97: 0 | AC97: 0 | AE97: 0.1 | AH97: 91.85 | AI97: 0 | AJ97: 91.85 | AK97: 91.85 | AL97: FALSE | AN97: 6CC/MONEY CLIP WALLET | AP97: BLACK/BLACK
A98: AU | B98: CL Chadstone | C98: 18-00018844 | D98: NH-585266 | E98: Ella Anderson | F98: Peiwei Xie | H98: Processed | I98: CHRISTIAN LOUBOUTIN SA | J98: Women Shoes | K98: 35.5 | L98: H329 | M98: F18WM1 SEAS | N98: 3615480478323F18 | O98: 3180437 | P98: DRAMA SLING 70 PATENT | Q98: CL Chadstone | R98: CL Chadstone | T98: TRUE | U98: 1 | V98: 1 | W98: 0 | X98: 1177.27 | Y98: 1177.27 | Z98: 1177.27 | AA98: 1177.27 | AB98: 0 | AC98: 0 | AE98: 0.1 | AH98: 446.13 | AI98: 0 | AJ98: 446.13 | AK98: 446.13 | AL98: FALSE | AN98: Sling Back | AO98: MID | AP98: SOIE/PINK BRONZE
A99: AU | B99: CL Chadstone | C99: 18-00018842 | D99: BX-477275 | E99: Danielle Rais | F99: Liao Jiajun | H99: Processed | I99: CHRISTIAN LOUBOUTIN SA | J99: Women Shoes | K99: 36.5 | L99: BK65 | M99: F18WM2 SEAS | N99: 3615480718566F18 | O99: 3181096 | P99: AGNES 30 PATENT | Q99: CL Chadstone | R99: CL Chadstone | T99: TRUE | U99: 1 | V99: 1 | W99: 0 | X99: 1022.73 | Y99: 1022.73 | Z99: 1022.73 | AA99: 1022.73 | AB99: 0 | AC99: 0 | AE99: 0.1 | AH99: 381.94 | AI99: 0 | AJ99: 381.94 | AK99: 381.94 | AL99: FALSE | AN99: Ballerina | AO99: MID | AP99: BLACK/SILVER
A100: AU | B100: CL Chadstone | C100: 18-00018111 | D100: SI-784615 | E100: Ella Anderson | F100: Penny Polimenakos | H100: Processed | I100: CHRISTIAN LOUBOUTIN SA | J100: Women Shoes | K100: 36 | L100: CM47 | M100: F18WM1 CTS | N100: 3615480410361F18 | O100: 3180165 | P100: PYRACLOU 110 SUEDE LAME | Q100: CL Chadstone | R100: CL Chadstone | T100: TRUE | U100: 1 | V100: 1 | W100: 0 | X100: 1022.73 | Y100: 1022.73 | Z100: 1022.73 | AA100: 1022.73 | AB100: 0 | AC100: 0 | AE100: 0.1 | AH100: 382.64 | AI100: 0 | AJ100: 382.64 | AK100: 382.64 | AL100: FALSE | AN100: Espadrilles/Cork | AO100: HIGH | AP100: VERSION BLACK
...
